Workbook
Name ApprovedYr: #REF!
Name BI_LDCLIST: #REF!
Name Bridge_Year: #REF!
Name BridgeYear: #REF!
Name Cash: #REF!
Name contactf: #REF!
Name CRLF: #REF!
Name CustomerAdministration: #REF!
Name EBNUMBER: #REF!
Name Fixed_Charges: #REF!
Name histdate: #REF!
Name Incr2000: #REF!
Name Last_Rebasing_Year: #REF!
Name LDC_LIST: #REF!
Name LDCLIST: #REF!
Name LDCNAMES: #REF!
Name LIMIT: #REF!
Name LossFactors: #REF!
Name man_beg_bud: #REF!
Name man_end_bud: #REF!
Name man12ACT: #REF!
Name MANBUD: #REF!
Name manCYACT: #REF!
Name manCYBUD: #REF!
Name manCYF: #REF!
Name MANEND: #REF!
Name manNYbud: #REF!
Name manpower_costs: #REF!
Name manPYACT: #REF!
Name MANSTART: #REF!
Name mat_beg_bud: #REF!
Name mat_end_bud: #REF!
Name mat12ACT: #REF!
Name MATBUD: #REF!
Name matCYACT: #REF!
Name matCYBUD: #REF!
Name matCYF: #REF!
Name MATEND: #REF!
Name material_costs: #REF!
Name matNYbud: #REF!
Name matPYACT: #REF!
Name MATSTART: #REF!
Name MidPeak: #REF!
Name MidPeakPer: #REF!
Name NonPayment: #REF!
Name OER: #REF!
Name OffPeak: #REF!
Name OffPeakPer: #REF!
Name OnPeak: #REF!
Name OnPeakPer: #REF!
Name oth_beg_bud: #REF!
Name oth_end_bud: #REF!
Name oth12ACT: #REF!
Name othCYACT: #REF!
Name othCYBUD: #REF!
Name othCYF: #REF!
Name OTHEND: #REF!
Name other_costs: #REF!
Name OTHERBUD: #REF!
Name othNYbud: #REF!

Sheet App.2-ZA_Com. Exp. (2027)
K2: File Number: | L2: EB-2025-0312
K3: Exhibit: | L3: 2A
B4: Commodity Expense | K4: Tab: | L4: 3
K5: Schedule: | L5: 1
K6: Page:
L7: Settlement Proposal
K8: Date: | L8: 46283
A12: Step 1: | B12: Commodity Pricing
B15: Forecasted Commodity Prices | C15: Table 1: Average RPP Supply Cost Summary* | G15: non-RPP | H15: RPP
B17: HOEP ($/MWh) | C17: Load-Weighted Price for RPP Consumers | G17: 54.7548 | H17: =G17 -> 54.7548
B18: Global Adjustment ($/MWh) | C18: Impact of the Global Adjustment | G18: 61.6043 | H18: =G18 -> 61.6043
B19: Adjustments ($/MWh) | H19: 10.59
B20: TOTAL ($/MWh) | C20: Average Supply Cost for RPP Consumers | H20: =SUM(H17:H19) -> 126.9491
A23: Step 2: | B23: Commodity Expense
B24: (volumes for the test year is loss adjusted)
B26: Commodity | G26: =2027& " Test Year" -> 2027 Test Year
B27: Customer | D27: Revenue | E27: Expense
B28: Class Name | C28: UoM | D28: USoA # | E28: USoA # | F28: Class A Non-RPP Volume** | H28: Class B Non-RPP Volume** | I28: Class B RPP Volume** | J28: Average HOEP | K28: Average RPP Rate | L28: Amount
B29: Residential | C29: kWh | D29: 4006 | E29: 4705 | F29: 0 | H29: 19088639 | I29: 1.5391714e+09 | J29: =+$G$17/1000 -> 0.0547548 | K29: =+$H$20/1000 -> 0.1269491 | L29: =(+F29+H29)*J29+(I29*K29) -> 1.9644162e+08
B30: Residential Seasonal | C30: kWh | D30: 4010 | E30: 4705 | F30: 0 | H30: 167600.47 | I30: 13514104 | J30: =+$G$17/1000 -> 0.0547548 | K30: =+$H$20/1000 -> 0.1269491 | L30: =(+F30+H30)*J30+(I30*K30) -> 1724780.3
B31: GS<50 | C31: kWh | D31: 4035 | E31: 4705 | F31: 47756.804 | H31: 49836360 | I31: 3.1961664e+08 | J31: =+$G$17/1000 -> 0.0547548 | K31: =+$H$20/1000 -> 0.1269491 | L31: =(+F31+H31)*J31+(I31*K31) -> 43306439
B32: GS 50 - 2,999 | C32: kWh | D32: 4010 | E32: 4705 | F32: 1.0040196e+08 | H32: 8.1078637e+08 | I32: 4.7281599e+08 | J32: =+$G$17/1000 -> 0.0547548 | K32: =+$H$20/1000 -> 0.1269491 | L32: =(+F32+H32)*J32+(I32*K32) -> 1.099155e+08
B33: GS 3,000 - 4,999 | C33: kWh | D33: 4025 | E33: 4705 | F33: 2.367697e+08 | H33: 47031024 | I33: 7732626.9 | J33: =+$G$17/1000 -> 0.0547548 | K33: =+$H$20/1000 -> 0.1269491 | L33: =(+F33+H33)*J33+(I33*K33) -> 16521102
B34: Large Use | C34: kWh | D34: 4025 | E34: 4705 | F34: 3.8615181e+08 | H34: 51715119 | I34: 0 | J34: =+$G$17/1000 -> 0.0547548 | K34: =+$H$20/1000 -> 0.1269491 | L34: =(+F34+H34)*J34+(I34*K34) -> 23975316
B35: Street Light | C35: kWh | D35: 4025 | E35: 4705 | F35: 0 | H35: 16273488 | I35: 0 | J35: =+$G$17/1000 -> 0.0547548 | K35: =+$H$20/1000 -> 0.1269491 | L35: =(+F35+H35)*J35+(I35*K35) -> 891051.59
B36: Sentinel Light | C36: kWh | D36: 4025 | E36: 4705 | F36: 0 | H36: 0 | I36: 91087.249 | J36: =+$G$17/1000 -> 0.0547548 | K36: =+$H$20/1000 -> 0.1269491 | L36: =(+F36+H36)*J36+(I36*K36) -> 11563.444
B37: USL | C37: kWh | D37: 4025 | E37: 4705 | F37: 0 | H37: 4280.0345 | I37: 6744404.5 | J37: =+$G$17/1000 -> 0.0547548 | K37: =+$H$20/1000 -> 0.1269491 | L37: =(+F37+H37)*J37+(I37*K37) -> 856430.44
C38: kWh | D38: 4025 | E38: 4705 | J38: =+$G$17/1000 -> 0.0547548 | K38: =+$H$20/1000 -> 0.1269491 | L38: =(+F38+H38)*J38+(I38*K38) -> 0
C39: kWh | D39: 4025 | E39: 4705 | J39: =+$G$17/1000 -> 0.0547548 | K39: =+$H$20/1000 -> 0.1269491 | L39: =(+F39+H39)*J39+(I39*K39) -> 0
B40: TOTAL | L40: =SUM(L29:L39) -> 3.936438e+08
B43: Class A - non-RPP Global Adjustment | G43: =2027& " Test Year" -> 2027 Test Year
B44: Customer | D44: Revenue | E44: Expense | G44: kWh Volume | K44: Hist. Avg GA/kWh *** | L44: Amount
D45: 4035 | E45: 4707 | G45: =F31 -> 47756.804 | K45: 0.030610504 | L45: =+K45*G45 -> 1461.8599
D46: 4010 | E46: 4707 | G46: =F32 -> 1.0040196e+08 | K46: =K45 -> 0.030610504 | L46: =+K46*G46 -> 3073354.8
D47: 4010 | E47: 4707 | G47: =F33 -> 2.367697e+08 | K47: =K46 -> 0.030610504 | L47: =+K47*G47 -> 7247640.1
D48: 4010 | E48: 4707 | G48: =F34 -> 3.8615181e+08 | K48: =K47 -> 0.030610504 | L48: =+K48*G48 -> 11820302
D49: 4010 | E49: 4707 | L49: =+K49*G49 -> 0
F50: =+F45+F46 -> 0 | G50: =SUM(G45:G49) -> 7.2337124e+08 | L50: =SUM(L45:L49) -> 22142758
B52: Class B - non-RPP Global Adjustment | G52: =2027& " Test Year" -> 2027 Test Year
B53: Customer | D53: Revenue | E53: Expense | L53: Amount
B54: Class Name | C54: UoM | D54: USoA # | E54: USoA # | H54: Class B Non-RPP Volume | K54: GA Rate/kWh
B55: =IF(B29=0,"",B29) -> Residential | C55: kWh | D55: 4006 | E55: 4707 | H55: =+H29 -> 19088639 | K55: =+$G$18/1000 -> 0.0616043 | L55: =+K55*H55 -> 1175942.2
B56: =IF(B30=0,"",B30) -> Residential Seasonal | C56: kWh | D56: 4010 | E56: 4707 | H56: =+H30 -> 167600.47 | K56: =+$G$18/1000 -> 0.0616043 | L56: =+K56*H56 -> 10324.909
B57: =IF(B31=0,"",B31) -> GS<50 | C57: kWh | D57: 4035 | E57: 4707 | H57: =+H31 -> 49836360 | K57: =+$G$18/1000 -> 0.0616043 | L57: =+K57*H57 -> 3070134.1
B58: =IF(B32=0,"",B32) -> GS 50 - 2,999 | C58: kWh | D58: 4010 | E58: 4707 | H58: =+H32 -> 8.1078637e+08 | K58: =+$G$18/1000 -> 0.0616043 | L58: =+K58*H58 -> 49947927
B59: =IF(B33=0,"",B33) -> GS 3,000 - 4,999 | C59: kWh | D59: 4025 | E59: 4707 | H59: =+H33 -> 47031024 | K59: =+$G$18/1000 -> 0.0616043 | L59: =+K59*H59 -> 2897313.3
B60: =IF(B34=0,"",B34) -> Large Use | C60: kWh | D60: 4025 | E60: 4707 | H60: =+H34 -> 51715119 | K60: =+$G$18/1000 -> 0.0616043 | L60: =+K60*H60 -> 3185873.7
B61: =IF(B35=0,"",B35) -> Street Light | C61: kWh | D61: 4025 | E61: 4707 | H61: =+H35 -> 16273488 | K61: =+$G$18/1000 -> 0.0616043 | L61: =+K61*H61 -> 1002516.8
B62: =IF(B36=0,"",B36) -> Sentinel Light | C62: kWh | D62: 4025 | E62: 4707 | H62: =+H36 -> 0 | K62: =+$G$18/1000 -> 0.0616043 | L62: =+K62*H62 -> 0
B63: =IF(B37=0,"",B37) -> USL | C63: kWh | D63: 4025 | E63: 4707 | H63: =+H37 -> 4280.0345 | K63: =+$G$18/1000 -> 0.0616043 | L63: =+K63*H63 -> 263.66853
B64: =IF(B38=0,"",B38) | C64: kWh | D64: 4025 | E64: 4707 | H64: =+H38 -> 0 | K64: =+$G$18/1000 -> 0.0616043 | L64: =+K64*H64 -> 0
B65: =IF(B39=0,"",B39) | C65: kWh | D65: 4025 | E65: 4707 | H65: =+H39 -> 0 | K65: =+$G$18/1000 -> 0.0616043 | L65: =+K65*H65 -> 0
B66: Total Volume | H66: =SUM(H55:H65) -> 9.9490288e+08
B67: TOTAL | L67: =SUM(L55:L65) -> 61290296
A70: *Regulated Price Plan Prices for the Period November 1, 2023 to October 31, 2024, p. 5
A71: ** Enter 2024 load forecast data by class based on the most recent 12-month historic Class A and Class B RPP/Non-RPP proportions
A72: *** Based on average $ GA per kWh billed to class A customers for most recent 12-month historical year.

Sheet App.2-ZB_Cost of Power (2027)
A1: Cost of Power Calculation
J2: File Number: | K2: EB-2025-0312
J3: Exhibit: | K3: 2A
J4: Tab: | K4: 3
J5: Schedule: | K5: 1
J6: Page:
A7: All Volume should be loss adjusted with the exception of: | K7: Settlement Proposal
A8: 1. Volume for Electricity Commodity, Wholesale Market Services, Class A and B should loss adjusted less WMP | J8: Date: | K8: 46283
A9: 2. Low Voltage Charges - No loss adjustment for kWh
D10: =2027& " Test Year" -> 2027 Test Year | E10: RPP | H10: =D10 -> 2027 Test Year | I10: non-RPP | K10: Total
A11: Electricity Commodity | B11: Units | D11: Volume | E11: Rate | F11: $ | H11: Volume | I11: Rate | J11: $ | K11: $
A12: Class per Load Forecast
A13: Residential | D13: ='App.2-ZA_Com. Exp. (2027)'!I29 -> 1.5391714e+09 | F13: =D13*'App.2-ZA_Com. Exp. (2027)'!K29 -> 1.9539643e+08 | H13: ='App.2-ZA_Com. Exp. (2027)'!H29 -> 19088639 | J13: =H13*'App.2-ZA_Com. Exp. (2027)'!J29 -> 1045194.6
A14: Residential Seasonal | D14: ='App.2-ZA_Com. Exp. (2027)'!I30 -> 13514104 | F14: =D14*'App.2-ZA_Com. Exp. (2027)'!K30 -> 1715603.3 | H14: ='App.2-ZA_Com. Exp. (2027)'!H30 -> 167600.47 | J14: =H14*'App.2-ZA_Com. Exp. (2027)'!J30 -> 9176.9301
A15: GS<50 | D15: ='App.2-ZA_Com. Exp. (2027)'!I31 -> 3.1961664e+08 | F15: =D15*'App.2-ZA_Com. Exp. (2027)'!K31 -> 40575045 | H15: ='App.2-ZA_Com. Exp. (2027)'!H31 -> 49836360 | J15: =H15*'App.2-ZA_Com. Exp. (2027)'!J31 -> 2728779.9
A16: GS 50 - 2,999 | D16: ='App.2-ZA_Com. Exp. (2027)'!I32 -> 4.7281599e+08 | F16: =D16*'App.2-ZA_Com. Exp. (2027)'!K32 -> 60023565 | H16: ='App.2-ZA_Com. Exp. (2027)'!H32 -> 8.1078637e+08 | J16: =H16*'App.2-ZA_Com. Exp. (2027)'!J32 -> 44394446
A17: GS 3,000 - 4,999 | D17: ='App.2-ZA_Com. Exp. (2027)'!I33 -> 7732626.9 | F17: =D17*'App.2-ZA_Com. Exp. (2027)'!K33 -> 981650.03 | H17: ='App.2-ZA_Com. Exp. (2027)'!H33 -> 47031024 | J17: =H17*'App.2-ZA_Com. Exp. (2027)'!J33 -> 2575174.3
A18: Large Use | D18: ='App.2-ZA_Com. Exp. (2027)'!I34 -> 0 | F18: =D18*'App.2-ZA_Com. Exp. (2027)'!K34 -> 0 | H18: ='App.2-ZA_Com. Exp. (2027)'!H34 -> 51715119 | J18: =H18*'App.2-ZA_Com. Exp. (2027)'!J34 -> 2831651
A19: Street Light | D19: ='App.2-ZA_Com. Exp. (2027)'!I35 -> 0 | F19: =D19*'App.2-ZA_Com. Exp. (2027)'!K35 -> 0 | H19: ='App.2-ZA_Com. Exp. (2027)'!H35 -> 16273488 | J19: =H19*'App.2-ZA_Com. Exp. (2027)'!J35 -> 891051.59
A20: Sentinel Light | D20: ='App.2-ZA_Com. Exp. (2027)'!I36 -> 91087.249 | F20: =D20*'App.2-ZA_Com. Exp. (2027)'!K36 -> 11563.444 | H20: ='App.2-ZA_Com. Exp. (2027)'!H36 -> 0 | J20: =H20*'App.2-ZA_Com. Exp. (2027)'!J36 -> 0
A21: USL | D21: ='App.2-ZA_Com. Exp. (2027)'!I37 -> 6744404.5 | F21: =D21*'App.2-ZA_Com. Exp. (2027)'!K37 -> 856196.08 | H21: ='App.2-ZA_Com. Exp. (2027)'!H37 -> 4280.0345 | J21: =H21*'App.2-ZA_Com. Exp. (2027)'!J37 -> 234.35244
D22: 0 | F22: 0 | H22: ='App.2-ZA_Com. Exp. (2027)'!H38 -> 0 | J22: 0
D23: 0 | F23: 0 | H23: ='App.2-ZA_Com. Exp. (2027)'!H39 -> 0 | J23: 0
A24: SUB-TOTAL | F24: =SUM(F13:F23) -> 2.9956005e+08 | J24: =SUM(J13:J23) -> 54475708 | K24: =F24+J24 -> 3.5403576e+08
A26: Global Adjustment non-RPP | B26: Units | D26: Volume | E26: Rate | F26: $ | H26: Volume | I26: Rate | J26: $ | K26: Total
A27: Class per Load Forecast
A28: =IF(A13="","",A13 & " - Class B") -> Residential - Class B | F28: =D28*E28 -> 0 | J28: ='App.2-ZA_Com. Exp. (2027)'!L55 -> 1175942.2
A29: =IF(A14="","",A14 & " - Class B") -> Residential Seasonal - Class B | F29: =D29*E29 -> 0 | J29: ='App.2-ZA_Com. Exp. (2027)'!L56 -> 10324.909
A30: =IF(A15="","",A15 & " - Class B") -> GS<50 - Class B | F30: =D30*E30 -> 0 | J30: ='App.2-ZA_Com. Exp. (2027)'!L57 -> 3070134.1
A31: =IF(A16="","",A16 & " - Class B") -> GS 50 - 2,999 - Class B | F31: =D31*E31 -> 0 | J31: ='App.2-ZA_Com. Exp. (2027)'!L58 -> 49947927
A32: =IF(A17="","",A17 & " - Class B") -> GS 3,000 - 4,999 - Class B | F32: =D32*E32 -> 0 | J32: ='App.2-ZA_Com. Exp. (2027)'!L59 -> 2897313.3
A33: =IF(A18="","",A18 & " - Class B") -> Large Use - Class B | F33: =D33*E33 -> 0 | J33: ='App.2-ZA_Com. Exp. (2027)'!L60 -> 3185873.7
A34: =IF(A19="","",A19 & " - Class B") -> Street Light - Class B | F34: =D34*E34 -> 0 | J34: ='App.2-ZA_Com. Exp. (2027)'!L61 -> 1002516.8
A35: =IF(A20="","",A20 & " - Class B") -> Sentinel Light - Class B | F35: =D35*E35 -> 0 | J35: ='App.2-ZA_Com. Exp. (2027)'!L62 -> 0
A36: =IF(A21="","",A21 & " - Class B") -> USL - Class B | F36: =D36*E36 -> 0 | J36: ='App.2-ZA_Com. Exp. (2027)'!L63 -> 263.66853
A37: =IF(A22="","",A22 & " - Class B") | F37: =D37*E37 -> 0 | J37: 0
A38: =IF(A23="","",A23 & " - Class B") | F38: =D38*E38 -> 0 | J38: 0
F39: =D39*E39 -> 0 | J39: ='App.2-ZA_Com. Exp. (2027)'!L45 -> 1461.8599
F40: =D40*E40 -> 0 | J40: ='App.2-ZA_Com. Exp. (2027)'!L46 -> 3073354.8
F41: =D41*E41 -> 0 | J41: ='App.2-ZA_Com. Exp. (2027)'!L47 -> 7247640.1
F42: =D42*E42 -> 0 | J42: ='App.2-ZA_Com. Exp. (2027)'!L48 -> 11820302
F43: =D43*E43 -> 0 | J43: 0
A44: SUB-TOTAL | F44: =SUM(F28:F43) -> 0 | J44: =SUM(J28:J43) -> 83433054 | K44: =F44+J44 -> 83433054
A46: Transmission - Network | D46: Volume | E46: Rate | F46: $ | H46: Volume | I46: Rate | J46: $ | K46: Total
A47: Class per Load Forecast
A48: =IF(A13="","",A13) -> Residential | D48: 1.5391714e+09 | E48: 0.0129 | F48: =D48*E48 -> 19855311 | H48: 19088639 | I48: =E48 -> 0.0129 | J48: =H48*I48 -> 246243.44
A49: =IF(A14="","",A14) -> Residential Seasonal | D49: 13514104 | E49: 0.013 | F49: =D49*E49 -> 175683.35 | H49: 167600.47 | I49: =E49 -> 0.013 | J49: =H49*I49 -> 2178.8061
A50: =IF(A15="","",A15) -> GS<50 | D50: 3.1961664e+08 | E50: 0.0118 | F50: =D50*E50 -> 3771476.3 | H50: 49884117 | I50: =E50 -> 0.0118 | J50: =H50*I50 -> 588632.58
A51: =IF(A16="","",A16) -> GS 50 - 2,999 | D51: 2143830.4 | E51: 5.426 | F51: =D51*E51 -> 11632424 | H51: 1092127.8 | I51: =E51 -> 5.426 | J51: =H51*I51 -> 5925885.2
A52: =A51&" EV" -> GS 50 - 2,999 EV | E52: 0.9257 | H52: 20306.696 | I52: =E52 -> 0.9257 | J52: =H52*I52 -> 18797.908
A53: =IF(A17="","",A17) -> GS 3,000 - 4,999 | D53: 588265.17 | E53: 5.7505 | F53: =D53*E53 -> 3382818.9 | H53: 16028.271 | I53: =E53 -> 5.7505 | J53: =H53*I53 -> 92170.575
A54: =A53&" EV" -> GS 3,000 - 4,999 EV | E54: 0.977585 | I54: =E54 -> 0.977585 | J54: =H54*I54 -> 0
A55: =IF(A18="","",A18) -> Large Use | D55: 742951.91 | E55: 6.1279 | F55: =D55*E55 -> 4552735 | H55: 0 | I55: =E55 -> 6.1279 | J55: =H55*I55 -> 0
A56: =IF(A19="","",A19) -> Street Light | D56: 43544.27 | E56: 3.6912 | F56: =D56*E56 -> 160730.61 | H56: 0 | I56: =E56 -> 3.6912 | J56: =H56*I56 -> 0
A57: =IF(A20="","",A20) -> Sentinel Light | D57: 0 | E57: 3.5167 | F57: =D57*E57 -> 0 | H57: 654.39889 | I57: =E57 -> 3.5167 | J57: =H57*I57 -> 2301.3246
A58: =IF(A21="","",A21) -> USL | D58: 6744404.5 | E58: 0.0118 | F58: =D58*E58 -> 79583.973 | H58: 4280.0345 | I58: =E58 -> 0.0118 | J58: =H58*I58 -> 50.504408
A59: =IF(A22="","",A22) | F59: =D59*E59 -> 0 | J59: =H59*I59 -> 0
A60: =IF(A23="","",A23) | F60: =D60*E60 -> 0 | J60: =H60*I60 -> 0
A61: SUB-TOTAL | F61: =SUM(F48:F60) -> 43610763 | J61: =SUM(J48:J60) -> 6876260.3 | K61: =F61+J61 -> 50487023
A63: Transmission - Connection | J63: $ | K63: Total
A64: Class per Load Forecast
A65: =IF(A48="","",A48) -> Residential | D65: =D48 -> 1.5391714e+09 | E65: 0.0093 | F65: =D65*E65 -> 14314294 | H65: =H48 -> 19088639 | I65: =E65 -> 0.0093 | J65: =H65*I65 -> 177524.34
A66: =IF(A49="","",A49) -> Residential Seasonal | D66: =D49 -> 13514104 | E66: 0.0113 | F66: =D66*E66 -> 152709.38 | H66: =H49 -> 167600.47 | I66: =E66 -> 0.0113 | J66: =H66*I66 -> 1893.8853
A67: =IF(A50="","",A50) -> GS<50 | D67: =D50 -> 3.1961664e+08 | E67: 0.0087 | F67: =D67*E67 -> 2780664.8 | H67: =H50 -> 49884117 | I67: =E67 -> 0.0087 | J67: =H67*I67 -> 433991.82
A68: =IF(A51="","",A51) -> GS 50 - 2,999 | D68: =D51 -> 2143830.4 | E68: 3.8276 | F68: =D68*E68 -> 8205725.2 | H68: =H51 -> 1092127.8 | I68: =E68 -> 3.8276 | J68: =H68*I68 -> 4180228.2
A69: =A68&" EV" -> GS 50 - 2,999 EV | E69: 0.6501 | H69: =H52 -> 20306.696 | I69: =E69 -> 0.6501 | J69: =H69*I69 -> 13201.383
A70: =IF(A53="","",A53) -> GS 3,000 - 4,999 | D70: =D53 -> 588265.17 | E70: 2.7044 | F70: =D70*E70 -> 1590904.3 | H70: =H53 -> 16028.271 | I70: =E70 -> 2.7044 | J70: =H70*I70 -> 43346.857
A71: =A70&" EV" -> GS 3,000 - 4,999 EV | E71: 0.459748 | I71: =E71 -> 0.459748 | J71: =H71*I71 -> 0
A72: =IF(A55="","",A55) -> Large Use | D72: =D55 -> 742951.91 | E72: 4.1785 | F72: =D72*E72 -> 3104424.5 | H72: =H55 -> 0 | I72: =E72 -> 4.1785 | J72: =H72*I72 -> 0
A73: =IF(A56="","",A56) -> Street Light | D73: =D56 -> 43544.27 | E73: 2.6197 | F73: =D73*E73 -> 114072.92 | H73: =H56 -> 0 | I73: =E73 -> 2.6197 | J73: =H73*I73 -> 0
A74: =IF(A57="","",A57) -> Sentinel Light | D74: =D57 -> 0 | E74: 2.4803 | F74: =D74*E74 -> 0 | H74: =H57 -> 654.39889 | I74: =E74 -> 2.4803 | J74: =H74*I74 -> 1623.1056
A75: =IF(A58="","",A58) -> USL | D75: =D58 -> 6744404.5 | E75: 0.0088 | F75: =D75*E75 -> 59350.76 | H75: =H58 -> 4280.0345 | I75: =E75 -> 0.0088 | J75: =H75*I75 -> 37.664304
A76: =IF(A59="","",A59) | F76: =D76*E76 -> 0 | J76: =H76*I76 -> 0
A77: =IF(A60="","",A60) | F77: =D77*E77 -> 0 | J77: =H77*I77 -> 0
A78: SUB-TOTAL | F78: =SUM(F65:F77) -> 30322146 | J78: =SUM(J65:J77) -> 4851847.2 | K78: =F78+J78 -> 35173993
A80: Wholesale Market Service | J80: $ | K80: Total
A81: Class per Load Forecast
A82: =IF(A65="","",A65) -> Residential | D82: 1.5391714e+09 | E82: =0.0041*1.036^2 -> 0.0044005136 | F82: =D82*E82 -> 6773144.7 | H82: 19088639 | I82: =E82 -> 0.0044005136 | J82: =H82*I82 -> 83999.814
A83: =IF(A66="","",A66) -> Residential Seasonal | D83: 13514104 | E83: =E82 -> 0.0044005136 | F83: =D83*E83 -> 59468.999 | H83: 167600.47 | I83: =E83 -> 0.0044005136 | J83: =H83*I83 -> 737.52814
A84: =IF(A67="","",A67) -> GS<50 | D84: 3.1961664e+08 | E84: =E83 -> 0.0044005136 | F84: =D84*E84 -> 1406477.4 | H84: 49884117 | I84: =E84 -> 0.0044005136 | J84: =H84*I84 -> 219515.73
A85: =IF(A68="","",A68) -> GS 50 - 2,999 | D85: 4.7281599e+08 | E85: =E84 -> 0.0044005136 | F85: =D85*E85 -> 2080633.2 | H85: 9.1118834e+08 | I85: =E85 -> 0.0044005136 | J85: =H85*I85 -> 4009696.7
A86: =IF(A70="","",A70) -> GS 3,000 - 4,999 | D86: 7732626.9 | E86: =E85 -> 0.0044005136 | F86: =D86*E86 -> 34027.53 | H86: 2.8380073e+08 | I86: =E86 -> 0.0044005136 | J86: =H86*I86 -> 1248869
A87: =IF(A72="","",A72) -> Large Use | D87: 0 | E87: =E86 -> 0.0044005136 | F87: =D87*E87 -> 0 | H87: 4.3786693e+08 | I87: =E87 -> 0.0044005136 | J87: =H87*I87 -> 1926839.4
A88: =IF(A73="","",A73) -> Street Light | D88: 0 | E88: =E87 -> 0.0044005136 | F88: =D88*E88 -> 0 | H88: 16273488 | I88: =E88 -> 0.0044005136 | J88: =H88*I88 -> 71611.706
A89: =IF(A74="","",A74) -> Sentinel Light | D89: 91087.249 | E89: =E88 -> 0.0044005136 | F89: =D89*E89 -> 400.83068 | H89: 0 | I89: =E89 -> 0.0044005136 | J89: =H89*I89 -> 0
A90: =IF(A75="","",A75) -> USL | D90: 6744404.5 | E90: =E89 -> 0.0044005136 | F90: =D90*E90 -> 29678.844 | H90: 4280.0345 | I90: =E90 -> 0.0044005136 | J90: =H90*I90 -> 18.83435
A91: =IF(A76="","",A76) | F91: =D91*E91 -> 0 | J91: =H91*I91 -> 0
A92: =IF(A77="","",A77) | F92: =D92*E92 -> 0 | J92: =H92*I92 -> 0
A93: SUB-TOTAL | F93: =SUM(F82:F92) -> 10383832 | J93: =SUM(J82:J92) -> 7561288.6 | K93: =F93+J93 -> 17945120
A95: Class A CBR | J95: $ | K95: Total
A96: Class per Load Forecast
A97: =IF(A82="","",A82) -> Residential | F97: =D97*E97 -> 0 | I97: 0.0004 | J97: =H97*I97 -> 0
A98: =IF(A83="","",A83) -> Residential Seasonal | F98: =D98*E98 -> 0 | I98: =I97 -> 0.0004 | J98: =H98*I98 -> 0
A99: =IF(A84="","",A84) -> GS<50 | F99: =D99*E99 -> 0 | I99: =I98 -> 0.0004 | J99: =H99*I99 -> 0
A100: =IF(A85="","",A85) -> GS 50 - 2,999 | F100: =D100*E100 -> 0 | H100: 47756.804 | I100: =I99 -> 0.0004 | J100: =H100*I100 -> 19.102722
A101: =IF(A86="","",A86) -> GS 3,000 - 4,999 | F101: =D101*E101 -> 0 | H101: 1.0040196e+08 | I101: =I100 -> 0.0004 | J101: =H101*I101 -> 40160.786
A102: =IF(A87="","",A87) -> Large Use | F102: =D102*E102 -> 0 | H102: 2.367697e+08 | I102: =I101 -> 0.0004 | J102: =H102*I102 -> 94707.882
A103: =IF(A88="","",A88) -> Street Light | F103: =D103*E103 -> 0 | H103: 3.8615181e+08 | I103: =I102 -> 0.0004 | J103: =H103*I103 -> 154460.72
A104: =IF(A89="","",A89) -> Sentinel Light | F104: =D104*E104 -> 0 | I104: =I103 -> 0.0004 | J104: =H104*I104 -> 0
A105: =IF(A90="","",A90) -> USL | F105: =D105*E105 -> 0 | I105: =I104 -> 0.0004 | J105: =H105*I105 -> 0
...

Sheet App.2-ZA_Com. Exp. (2028)
K2: File Number: | L2: EB-2025-0312
K3: Exhibit: | L3: 2A
B4: Commodity Expense | K4: Tab: | L4: 3
K5: Schedule: | L5: 1
K6: Page:
L7: Settlement Proposal
K8: Date: | L8: 46283
A12: Step 1: | B12: Commodity Pricing
B15: Forecasted Commodity Prices | C15: Table 1: Average RPP Supply Cost Summary* | G15: non-RPP | H15: RPP
B17: HOEP ($/MWh) | C17: Load-Weighted Price for RPP Consumers | G17: 56.397444 | H17: =G17 -> 56.397444
B18: Global Adjustment ($/MWh) | C18: Impact of the Global Adjustment | G18: 63.452429 | H18: =G18 -> 63.452429
B19: Adjustments ($/MWh) | H19: 10.59
B20: TOTAL ($/MWh) | C20: Average Supply Cost for RPP Consumers | H20: =SUM(H17:H19) -> 130.43987
A23: Step 2: | B23: Commodity Expense
B24: (volumes for the test year is loss adjusted)
B26: Commodity | G26: =2028& " Test Year" -> 2028 Test Year
B27: Customer | D27: Revenue | E27: Expense
B28: Class Name | C28: UoM | D28: USoA # | E28: USoA # | F28: Class A Non-RPP Volume** | H28: Class B Non-RPP Volume** | I28: Class B RPP Volume** | J28: Average HOEP | K28: Average RPP Rate | L28: Amount
B29: Residential | C29: kWh | D29: 4006 | E29: 4705 | F29: 0 | H29: 19425989 | I29: 1.5663729e+09 | J29: =+$G$17/1000 -> 0.056397444 | K29: =+$H$20/1000 -> 0.13043987 | L29: =(+F29+H29)*J29+(I29*K29) -> 2.0541306e+08
B30: Residential Seasonal | C30: kWh | D30: 4010 | E30: 4705 | F30: 0 | H30: 173045.52 | I30: 13953154 | J30: =+$G$17/1000 -> 0.056397444 | K30: =+$H$20/1000 -> 0.13043987 | L30: =(+F30+H30)*J30+(I30*K30) -> 1829807
B31: GS<50 | C31: kWh | D31: 4035 | E31: 4705 | F31: 47764.144 | H31: 49844020 | I31: 3.1966576e+08 | J31: =+$G$17/1000 -> 0.056397444 | K31: =+$H$20/1000 -> 0.13043987 | L31: =(+F31+H31)*J31+(I31*K31) -> 44510931
B32: GS 50 - 2,999 | C32: kWh | D32: 4010 | E32: 4705 | F32: 1.0114997e+08 | H32: 8.1682685e+08 | I32: 4.7633854e+08 | J32: =+$G$17/1000 -> 0.056397444 | K32: =+$H$20/1000 -> 0.13043987 | L32: =(+F32+H32)*J32+(I32*K32) -> 1.1390508e+08
B33: GS 3,000 - 4,999 | C33: kWh | D33: 4025 | E33: 4705 | F33: 2.5904923e+08 | H33: 51456544 | I33: 8460250.8 | J33: =+$G$17/1000 -> 0.056397444 | K33: =+$H$20/1000 -> 0.13043987 | L33: =(+F33+H33)*J33+(I33*K33) -> 18615286
B34: Large Use | C34: kWh | D34: 4025 | E34: 4705 | F34: 4.6172951e+08 | H34: 61836811 | I34: 0 | J34: =+$G$17/1000 -> 0.056397444 | K34: =+$H$20/1000 -> 0.13043987 | L34: =(+F34+H34)*J34+(I34*K34) -> 29527802
B35: Street Light | C35: kWh | D35: 4025 | E35: 4705 | F35: 0 | H35: 16477849 | I35: 0 | J35: =+$G$17/1000 -> 0.056397444 | K35: =+$H$20/1000 -> 0.13043987 | L35: =(+F35+H35)*J35+(I35*K35) -> 929308.56
B36: Sentinel Light | C36: kWh | D36: 4025 | E36: 4705 | F36: 0 | H36: 0 | I36: 89526.142 | J36: =+$G$17/1000 -> 0.056397444 | K36: =+$H$20/1000 -> 0.13043987 | L36: =(+F36+H36)*J36+(I36*K36) -> 11677.779
B37: USL | C37: kWh | D37: 4025 | E37: 4705 | F37: 0 | H37: 4260.6876 | I37: 6713918 | J37: =+$G$17/1000 -> 0.056397444 | K37: =+$H$20/1000 -> 0.13043987 | L37: =(+F37+H37)*J37+(I37*K37) -> 876002.9
C38: kWh | D38: 4025 | E38: 4705 | J38: =+$G$17/1000 -> 0.056397444 | K38: =+$H$20/1000 -> 0.13043987 | L38: =(+F38+H38)*J38+(I38*K38) -> 0
C39: kWh | D39: 4025 | E39: 4705 | J39: =+$G$17/1000 -> 0.056397444 | K39: =+$H$20/1000 -> 0.13043987 | L39: =(+F39+H39)*J39+(I39*K39) -> 0
B40: TOTAL | L40: =SUM(L29:L39) -> 4.1561896e+08
B43: Class A - non-RPP Global Adjustment | G43: =2028& " Test Year" -> 2028 Test Year
B44: Customer | D44: Revenue | E44: Expense | G44: kWh Volume | K44: Hist. Avg GA/kWh *** | L44: Amount
D45: 4035 | E45: 4707 | G45: =F31 -> 47764.144 | K45: 0.03152882 | L45: =+K45*G45 -> 1505.9471
D46: 4010 | E46: 4707 | G46: =F32 -> 1.0114997e+08 | K46: =K45 -> 0.03152882 | L46: =+K46*G46 -> 3189139.3
D47: 4010 | E47: 4707 | G47: =F33 -> 2.5904923e+08 | K47: =K46 -> 0.03152882 | L47: =+K47*G47 -> 8167516.6
D48: 4010 | E48: 4707 | G48: =F34 -> 4.6172951e+08 | K48: =K47 -> 0.03152882 | L48: =+K48*G48 -> 14557786
D49: 4010 | E49: 4707 | L49: =+K49*G49 -> 0
F50: =+F45+F46 -> 0 | G50: =SUM(G45:G49) -> 8.2197648e+08 | L50: =SUM(L45:L49) -> 25915948
B52: Class B - non-RPP Global Adjustment | G52: =2028& " Test Year" -> 2028 Test Year
B53: Customer | D53: Revenue | E53: Expense | L53: Amount
B54: Class Name | C54: UoM | D54: USoA # | E54: USoA # | H54: Class B Non-RPP Volume | K54: GA Rate/kWh
B55: =IF(B29=0,"",B29) -> Residential | C55: kWh | D55: 4006 | E55: 4707 | H55: =+H29 -> 19425989 | K55: =+$G$18/1000 -> 0.063452429 | L55: =+K55*H55 -> 1232626.2
B56: =IF(B30=0,"",B30) -> Residential Seasonal | C56: kWh | D56: 4010 | E56: 4707 | H56: =+H30 -> 173045.52 | K56: =+$G$18/1000 -> 0.063452429 | L56: =+K56*H56 -> 10980.159
B57: =IF(B31=0,"",B31) -> GS<50 | C57: kWh | D57: 4035 | E57: 4707 | H57: =+H31 -> 49844020 | K57: =+$G$18/1000 -> 0.063452429 | L57: =+K57*H57 -> 3162724.1
B58: =IF(B32=0,"",B32) -> GS 50 - 2,999 | C58: kWh | D58: 4010 | E58: 4707 | H58: =+H32 -> 8.1682685e+08 | K58: =+$G$18/1000 -> 0.063452429 | L58: =+K58*H58 -> 51829647
B59: =IF(B33=0,"",B33) -> GS 3,000 - 4,999 | C59: kWh | D59: 4025 | E59: 4707 | H59: =+H33 -> 51456544 | K59: =+$G$18/1000 -> 0.063452429 | L59: =+K59*H59 -> 3265042.7
B60: =IF(B34=0,"",B34) -> Large Use | C60: kWh | D60: 4025 | E60: 4707 | H60: =+H34 -> 61836811 | K60: =+$G$18/1000 -> 0.063452429 | L60: =+K60*H60 -> 3923695.9
B61: =IF(B35=0,"",B35) -> Street Light | C61: kWh | D61: 4025 | E61: 4707 | H61: =+H35 -> 16477849 | K61: =+$G$18/1000 -> 0.063452429 | L61: =+K61*H61 -> 1045559.5
B62: =IF(B36=0,"",B36) -> Sentinel Light | C62: kWh | D62: 4025 | E62: 4707 | H62: =+H36 -> 0 | K62: =+$G$18/1000 -> 0.063452429 | L62: =+K62*H62 -> 0
B63: =IF(B37=0,"",B37) -> USL | C63: kWh | D63: 4025 | E63: 4707 | H63: =+H37 -> 4260.6876 | K63: =+$G$18/1000 -> 0.063452429 | L63: =+K63*H63 -> 270.35098
B64: =IF(B38=0,"",B38) | C64: kWh | D64: 4025 | E64: 4707 | H64: =+H38 -> 0 | K64: =+$G$18/1000 -> 0.063452429 | L64: =+K64*H64 -> 0
B65: =IF(B39=0,"",B39) | C65: kWh | D65: 4025 | E65: 4707 | H65: =+H39 -> 0 | K65: =+$G$18/1000 -> 0.063452429 | L65: =+K65*H65 -> 0
B66: Total Volume | H66: =SUM(H55:H65) -> 1.0160454e+09
B67: TOTAL | L67: =SUM(L55:L65) -> 64470546
A70: *Regulated Price Plan Prices for the Period November 1, 2023 to October 31, 2024, p. 5
A71: ** Enter 2024 load forecast data by class based on the most recent 12-month historic Class A and Class B RPP/Non-RPP proportions
A72: *** Based on average $ GA per kWh billed to class A customers for most recent 12-month historical year.

Sheet App.2-ZB_Cost of Power (2028)
A1: Cost of Power Calculation
J2: File Number: | K2: EB-2025-0312
J3: Exhibit: | K3: 2A
J4: Tab: | K4: 3
J5: Schedule: | K5: 1
J6: Page:
A7: All Volume should be loss adjusted with the exception of: | K7: Settlement Proposal
A8: 1. Volume for Electricity Commodity, Wholesale Market Services, Class A and B should loss adjusted less WMP | J8: Date: | K8: 46283
A9: 2. Low Voltage Charges - No loss adjustment for kWh
D10: =2028& " Test Year" -> 2028 Test Year | E10: RPP | H10: =D10 -> 2028 Test Year | I10: non-RPP | K10: Total
A11: Electricity Commodity | B11: Units | D11: Volume | E11: Rate | F11: $ | H11: Volume | I11: Rate | J11: $ | K11: $
A12: Class per Load Forecast
A13: Residential | D13: ='App.2-ZA_Com. Exp. (2028)'!I29 -> 1.5663729e+09 | F13: =D13*'App.2-ZA_Com. Exp. (2028)'!K29 -> 2.0431749e+08 | H13: ='App.2-ZA_Com. Exp. (2028)'!H29 -> 19425989 | J13: =H13*'App.2-ZA_Com. Exp. (2028)'!J29 -> 1095576.1
A14: Residential Seasonal | D14: ='App.2-ZA_Com. Exp. (2028)'!I30 -> 13953154 | F14: =D14*'App.2-ZA_Com. Exp. (2028)'!K30 -> 1820047.7 | H14: ='App.2-ZA_Com. Exp. (2028)'!H30 -> 173045.52 | J14: =H14*'App.2-ZA_Com. Exp. (2028)'!J30 -> 9759.3252
A15: GS<50 | D15: ='App.2-ZA_Com. Exp. (2028)'!I31 -> 3.1966576e+08 | F15: =D15*'App.2-ZA_Com. Exp. (2028)'!K31 -> 41697162 | H15: ='App.2-ZA_Com. Exp. (2028)'!H31 -> 49844020 | J15: =H15*'App.2-ZA_Com. Exp. (2028)'!J31 -> 2811075.3
A16: GS 50 - 2,999 | D16: ='App.2-ZA_Com. Exp. (2028)'!I32 -> 4.7633854e+08 | F16: =D16*'App.2-ZA_Com. Exp. (2028)'!K32 -> 62133539 | H16: ='App.2-ZA_Com. Exp. (2028)'!H32 -> 8.1682685e+08 | J16: =H16*'App.2-ZA_Com. Exp. (2028)'!J32 -> 46066946
A17: GS 3,000 - 4,999 | D17: ='App.2-ZA_Com. Exp. (2028)'!I33 -> 8460250.8 | F17: =D17*'App.2-ZA_Com. Exp. (2028)'!K33 -> 1103554 | H17: ='App.2-ZA_Com. Exp. (2028)'!H33 -> 51456544 | J17: =H17*'App.2-ZA_Com. Exp. (2028)'!J33 -> 2902017.6
A18: Large Use | D18: ='App.2-ZA_Com. Exp. (2028)'!I34 -> 0 | F18: =D18*'App.2-ZA_Com. Exp. (2028)'!K34 -> 0 | H18: ='App.2-ZA_Com. Exp. (2028)'!H34 -> 61836811 | J18: =H18*'App.2-ZA_Com. Exp. (2028)'!J34 -> 3487438.1
A19: Street Light | D19: ='App.2-ZA_Com. Exp. (2028)'!I35 -> 0 | F19: =D19*'App.2-ZA_Com. Exp. (2028)'!K35 -> 0 | H19: ='App.2-ZA_Com. Exp. (2028)'!H35 -> 16477849 | J19: =H19*'App.2-ZA_Com. Exp. (2028)'!J35 -> 929308.56
A20: Sentinel Light | D20: ='App.2-ZA_Com. Exp. (2028)'!I36 -> 89526.142 | F20: =D20*'App.2-ZA_Com. Exp. (2028)'!K36 -> 11677.779 | H20: ='App.2-ZA_Com. Exp. (2028)'!H36 -> 0 | J20: =H20*'App.2-ZA_Com. Exp. (2028)'!J36 -> 0
A21: USL | D21: ='App.2-ZA_Com. Exp. (2028)'!I37 -> 6713918 | F21: =D21*'App.2-ZA_Com. Exp. (2028)'!K37 -> 875762.61 | H21: ='App.2-ZA_Com. Exp. (2028)'!H37 -> 4260.6876 | J21: =H21*'App.2-ZA_Com. Exp. (2028)'!J37 -> 240.29189
D22: 0 | F22: 0 | H22: ='App.2-ZA_Com. Exp. (2028)'!H38 -> 0 | J22: 0
D23: 0 | F23: 0 | H23: ='App.2-ZA_Com. Exp. (2028)'!H39 -> 0 | J23: 0
A24: SUB-TOTAL | F24: =SUM(F13:F23) -> 3.1195923e+08 | J24: =SUM(J13:J23) -> 57302362 | K24: =F24+J24 -> 3.6926159e+08
A26: Global Adjustment non-RPP | B26: Units | D26: Volume | E26: Rate | F26: $ | H26: Volume | I26: Rate | J26: $ | K26: Total
A27: Class per Load Forecast
A28: =IF(A13="","",A13 & " - Class B") -> Residential - Class B | F28: =D28*E28 -> 0 | J28: ='App.2-ZA_Com. Exp. (2028)'!L55 -> 1232626.2
A29: =IF(A14="","",A14 & " - Class B") -> Residential Seasonal - Class B | F29: =D29*E29 -> 0 | J29: ='App.2-ZA_Com. Exp. (2028)'!L56 -> 10980.159
A30: =IF(A15="","",A15 & " - Class B") -> GS<50 - Class B | F30: =D30*E30 -> 0 | J30: ='App.2-ZA_Com. Exp. (2028)'!L57 -> 3162724.1
A31: =IF(A16="","",A16 & " - Class B") -> GS 50 - 2,999 - Class B | F31: =D31*E31 -> 0 | J31: ='App.2-ZA_Com. Exp. (2028)'!L58 -> 51829647
A32: =IF(A17="","",A17 & " - Class B") -> GS 3,000 - 4,999 - Class B | F32: =D32*E32 -> 0 | J32: ='App.2-ZA_Com. Exp. (2028)'!L59 -> 3265042.7
A33: =IF(A18="","",A18 & " - Class B") -> Large Use - Class B | F33: =D33*E33 -> 0 | J33: ='App.2-ZA_Com. Exp. (2028)'!L60 -> 3923695.9
A34: =IF(A19="","",A19 & " - Class B") -> Street Light - Class B | F34: =D34*E34 -> 0 | J34: ='App.2-ZA_Com. Exp. (2028)'!L61 -> 1045559.5
A35: =IF(A20="","",A20 & " - Class B") -> Sentinel Light - Class B | F35: =D35*E35 -> 0 | J35: ='App.2-ZA_Com. Exp. (2028)'!L62 -> 0
A36: =IF(A21="","",A21 & " - Class B") -> USL - Class B | F36: =D36*E36 -> 0 | J36: ='App.2-ZA_Com. Exp. (2028)'!L63 -> 270.35098
A37: =IF(A22="","",A22 & " - Class B") | F37: =D37*E37 -> 0 | J37: 0
A38: =IF(A23="","",A23 & " - Class B") | F38: =D38*E38 -> 0 | J38: 0
F39: =D39*E39 -> 0 | J39: ='App.2-ZA_Com. Exp. (2028)'!L45 -> 1505.9471
F40: =D40*E40 -> 0 | J40: ='App.2-ZA_Com. Exp. (2028)'!L46 -> 3189139.3
F41: =D41*E41 -> 0 | J41: ='App.2-ZA_Com. Exp. (2028)'!L47 -> 8167516.6
F42: =D42*E42 -> 0 | J42: ='App.2-ZA_Com. Exp. (2028)'!L48 -> 14557786
F43: =D43*E43 -> 0 | J43: 0
A44: SUB-TOTAL | F44: =SUM(F28:F43) -> 0 | J44: =SUM(J28:J43) -> 90386495 | K44: =F44+J44 -> 90386495
A46: Transmission - Network | D46: Volume | E46: Rate | F46: $ | H46: Volume | I46: Rate | J46: $ | K46: Total
A47: Class per Load Forecast
A48: =IF(A13="","",A13) -> Residential | D48: 1.5663729e+09 | E48: 0.0137 | F48: =D48*E48 -> 21459309 | H48: 19425989 | I48: =E48 -> 0.0137 | J48: =H48*I48 -> 266136.05
A49: =IF(A14="","",A14) -> Residential Seasonal | D49: 13953154 | E49: 0.0138 | F49: =D49*E49 -> 192553.53 | H49: 173045.52 | I49: =E49 -> 0.0138 | J49: =H49*I49 -> 2388.0282
A50: =IF(A15="","",A15) -> GS<50 | D50: 3.1966576e+08 | E50: 0.0125 | F50: =D50*E50 -> 3995822.1 | H50: 49891784 | I50: =E50 -> 0.0125 | J50: =H50*I50 -> 623647.3
A51: =IF(A16="","",A16) -> GS 50 - 2,999 | D51: 2168941 | E51: 5.7566 | F51: =D51*E51 -> 12485726 | H51: 1100306.3 | I51: =E51 -> 5.7566 | J51: =H51*I51 -> 6334023.2
A52: =A51&" EV" -> GS 50 - 2,999 EV | E52: 0.9821 | H52: 25158.054 | I52: =E52 -> 0.9821 | J52: =H52*I52 -> 24707.724
A53: =IF(A17="","",A17) -> GS 3,000 - 4,999 | D53: 648093.36 | E53: 6.1009 | F53: =D53*E53 -> 3953952.8 | H53: 17658.391 | I53: =E53 -> 6.1009 | J53: =H53*I53 -> 107732.08
A54: =A53&" EV" -> GS 3,000 - 4,999 EV | E54: 1.037153 | I54: =E54 -> 1.037153 | J54: =H54*I54 -> 0
A55: =IF(A18="","",A18) -> Large Use | D55: 895387.42 | E55: 6.5013 | F55: =D55*E55 -> 5821182.3 | H55: 0 | I55: =E55 -> 6.5013 | J55: =H55*I55 -> 0
A56: =IF(A19="","",A19) -> Street Light | D56: 44090.904 | E56: 3.9161 | F56: =D56*E56 -> 172664.39 | H56: 0 | I56: =E56 -> 3.9161 | J56: =H56*I56 -> 0
A57: =IF(A20="","",A20) -> Sentinel Light | D57: 0 | E57: 3.731 | F57: =D57*E57 -> 0 | H57: 644.51221 | I57: =E57 -> 3.731 | J57: =H57*I57 -> 2404.6751
A58: =IF(A21="","",A21) -> USL | D58: 6713918 | E58: 0.0125 | F58: =D58*E58 -> 83923.975 | H58: 4260.6876 | I58: =E58 -> 0.0125 | J58: =H58*I58 -> 53.258596
A59: =IF(A22="","",A22) | F59: =D59*E59 -> 0 | J59: =H59*I59 -> 0
A60: =IF(A23="","",A23) | F60: =D60*E60 -> 0 | J60: =H60*I60 -> 0
A61: SUB-TOTAL | F61: =SUM(F48:F60) -> 48165134 | J61: =SUM(J48:J60) -> 7361092.3 | K61: =F61+J61 -> 55526226
A63: Transmission - Connection | J63: $ | K63: Total
A64: Class per Load Forecast
A65: =IF(A48="","",A48) -> Residential | D65: =D48 -> 1.5663729e+09 | E65: 0.0099 | F65: =D65*E65 -> 15507092 | H65: =H48 -> 19425989 | I65: =E65 -> 0.0099 | J65: =H65*I65 -> 192317.29
A66: =IF(A49="","",A49) -> Residential Seasonal | D66: =D49 -> 13953154 | E66: 0.012 | F66: =D66*E66 -> 167437.85 | H66: =H49 -> 173045.52 | I66: =E66 -> 0.012 | J66: =H66*I66 -> 2076.5463
A67: =IF(A50="","",A50) -> GS<50 | D67: =D50 -> 3.1966576e+08 | E67: 0.0093 | F67: =D67*E67 -> 2972891.6 | H67: =H50 -> 49891784 | I67: =E67 -> 0.0093 | J67: =H67*I67 -> 463993.59
A68: =IF(A51="","",A51) -> GS 50 - 2,999 | D68: =D51 -> 2168941 | E68: 4.0745 | F68: =D68*E68 -> 8837350.1 | H68: =H51 -> 1100306.3 | I68: =E68 -> 4.0745 | J68: =H68*I68 -> 4483198
A69: =A68&" EV" -> GS 50 - 2,999 EV | E69: 0.692 | H69: =H52 -> 25158.054 | I69: =E69 -> 0.692 | J69: =H69*I69 -> 17409.373
A70: =IF(A53="","",A53) -> GS 3,000 - 4,999 | D70: =D53 -> 648093.36 | E70: 2.8789 | F70: =D70*E70 -> 1865796 | H70: =H53 -> 17658.391 | I70: =E70 -> 2.8789 | J70: =H70*I70 -> 50836.741
A71: =A70&" EV" -> GS 3,000 - 4,999 EV | E71: 0.489413 | I71: =E71 -> 0.489413 | J71: =H71*I71 -> 0
A72: =IF(A55="","",A55) -> Large Use | D72: =D55 -> 895387.42 | E72: 4.448 | F72: =D72*E72 -> 3982683.3 | H72: =H55 -> 0 | I72: =E72 -> 4.448 | J72: =H72*I72 -> 0
A73: =IF(A56="","",A56) -> Street Light | D73: =D56 -> 44090.904 | E73: 2.7887 | F73: =D73*E73 -> 122956.3 | H73: =H56 -> 0 | I73: =E73 -> 2.7887 | J73: =H73*I73 -> 0
A74: =IF(A57="","",A57) -> Sentinel Light | D74: =D57 -> 0 | E74: 2.6403 | F74: =D74*E74 -> 0 | H74: =H57 -> 644.51221 | I74: =E74 -> 2.6403 | J74: =H74*I74 -> 1701.7056
A75: =IF(A58="","",A58) -> USL | D75: =D58 -> 6713918 | E75: 0.0094 | F75: =D75*E75 -> 63110.829 | H75: =H58 -> 4260.6876 | I75: =E75 -> 0.0094 | J75: =H75*I75 -> 40.050464
A76: =IF(A59="","",A59) | F76: =D76*E76 -> 0 | J76: =H76*I76 -> 0
A77: =IF(A60="","",A60) | F77: =D77*E77 -> 0 | J77: =H77*I77 -> 0
A78: SUB-TOTAL | F78: =SUM(F65:F77) -> 33519318 | J78: =SUM(J65:J77) -> 5211573.3 | K78: =F78+J78 -> 38730891
A80: Wholesale Market Service | J80: $ | K80: Total
A81: Class per Load Forecast
A82: =IF(A65="","",A65) -> Residential | D82: 1.5663729e+09 | E82: =0.0041*1.03^3 -> 0.0044801807 | F82: =D82*E82 -> 7017633.8 | H82: 19425989 | I82: =E82 -> 0.0044801807 | J82: =H82*I82 -> 87031.941
A83: =IF(A66="","",A66) -> Residential Seasonal | D83: 13953154 | E83: =E82 -> 0.0044801807 | F83: =D83*E83 -> 62512.653 | H83: 173045.52 | I83: =E83 -> 0.0044801807 | J83: =H83*I83 -> 775.27521
A84: =IF(A67="","",A67) -> GS<50 | D84: 3.1966576e+08 | E84: =E83 -> 0.0044801807 | F84: =D84*E84 -> 1432160.4 | H84: 49891784 | I84: =E84 -> 0.0044801807 | J84: =H84*I84 -> 223524.21
A85: =IF(A68="","",A68) -> GS 50 - 2,999 | D85: 4.7633854e+08 | E85: =E84 -> 0.0044801807 | F85: =D85*E85 -> 2134082.7 | H85: 9.1797682e+08 | I85: =E85 -> 0.0044801807 | J85: =H85*I85 -> 4112702
A86: =IF(A70="","",A70) -> GS 3,000 - 4,999 | D86: 8460250.8 | E86: =E85 -> 0.0044801807 | F86: =D86*E86 -> 37903.452 | H86: 3.1050578e+08 | I86: =E86 -> 0.0044801807 | J86: =H86*I86 -> 1391122
A87: =IF(A72="","",A72) -> Large Use | D87: 0 | E87: =E86 -> 0.0044801807 | F87: =D87*E87 -> 0 | H87: 5.2356632e+08 | I87: =E87 -> 0.0044801807 | J87: =H87*I87 -> 2345671.7
A88: =IF(A73="","",A73) -> Street Light | D88: 0 | E88: =E87 -> 0.0044801807 | F88: =D88*E88 -> 0 | H88: 16477849 | I88: =E88 -> 0.0044801807 | J88: =H88*I88 -> 73823.741
A89: =IF(A74="","",A74) -> Sentinel Light | D89: 89526.142 | E89: =E88 -> 0.0044801807 | F89: =D89*E89 -> 401.0933 | H89: 0 | I89: =E89 -> 0.0044801807 | J89: =H89*I89 -> 0
A90: =IF(A75="","",A75) -> USL | D90: 6713918 | E90: =E89 -> 0.0044801807 | F90: =D90*E90 -> 30079.566 | H90: 4260.6876 | I90: =E90 -> 0.0044801807 | J90: =H90*I90 -> 19.088651
A91: =IF(A76="","",A76) | F91: =D91*E91 -> 0 | J91: =H91*I91 -> 0
A92: =IF(A77="","",A77) | F92: =D92*E92 -> 0 | J92: =H92*I92 -> 0
A93: SUB-TOTAL | F93: =SUM(F82:F92) -> 10714774 | J93: =SUM(J82:J92) -> 8234670 | K93: =F93+J93 -> 18949444
A95: Class A CBR | J95: $ | K95: Total
A96: Class per Load Forecast
A97: =IF(A82="","",A82) -> Residential | F97: =D97*E97 -> 0 | I97: 0.0004 | J97: =H97*I97 -> 0
A98: =IF(A83="","",A83) -> Residential Seasonal | F98: =D98*E98 -> 0 | I98: =I97 -> 0.0004 | J98: =H98*I98 -> 0
A99: =IF(A84="","",A84) -> GS<50 | F99: =D99*E99 -> 0 | I99: =I98 -> 0.0004 | J99: =H99*I99 -> 0
A100: =IF(A85="","",A85) -> GS 50 - 2,999 | F100: =D100*E100 -> 0 | H100: 47764.144 | I100: =I99 -> 0.0004 | J100: =H100*I100 -> 19.105658
A101: =IF(A86="","",A86) -> GS 3,000 - 4,999 | F101: =D101*E101 -> 0 | H101: 1.0114997e+08 | I101: =I100 -> 0.0004 | J101: =H101*I101 -> 40459.99
A102: =IF(A87="","",A87) -> Large Use | F102: =D102*E102 -> 0 | H102: 2.5904923e+08 | I102: =I101 -> 0.0004 | J102: =H102*I102 -> 103619.69
A103: =IF(A88="","",A88) -> Street Light | F103: =D103*E103 -> 0 | H103: 4.6172951e+08 | I103: =I102 -> 0.0004 | J103: =H103*I103 -> 184691.8
A104: =IF(A89="","",A89) -> Sentinel Light | F104: =D104*E104 -> 0 | I104: =I103 -> 0.0004 | J104: =H104*I104 -> 0
A105: =IF(A90="","",A90) -> USL | F105: =D105*E105 -> 0 | I105: =I104 -> 0.0004 | J105: =H105*I105 -> 0
...

Sheet App.2-ZA_Com. Exp. (2029)
K2: File Number: | L2: EB-2025-0312
K3: Exhibit: | L3: 2A
B4: Commodity Expense | K4: Tab: | L4: 3
K5: Schedule: | L5: 1
K6: Page:
L7: Settlement Proposal
K8: Date: | L8: 46283
A12: Step 1: | B12: Commodity Pricing
B15: Forecasted Commodity Prices | C15: Table 1: Average RPP Supply Cost Summary* | G15: non-RPP | H15: RPP
B17: HOEP ($/MWh) | C17: Load-Weighted Price for RPP Consumers | G17: 58.089367 | H17: =G17 -> 58.089367
B18: Global Adjustment ($/MWh) | C18: Impact of the Global Adjustment | G18: 65.356002 | H18: =G18 -> 65.356002
B19: Adjustments ($/MWh) | H19: 10.59
B20: TOTAL ($/MWh) | C20: Average Supply Cost for RPP Consumers | H20: =SUM(H17:H19) -> 134.03537
A23: Step 2: | B23: Commodity Expense
B24: (volumes for the test year is loss adjusted)
B26: Commodity | G26: =2029& " Test Year" -> 2029 Test Year
B27: Customer | D27: Revenue | E27: Expense
B28: Class Name | C28: UoM | D28: USoA # | E28: USoA # | F28: Class A Non-RPP Volume** | H28: Class B Non-RPP Volume** | I28: Class B RPP Volume** | J28: Average HOEP | K28: Average RPP Rate | L28: Amount
B29: Residential | C29: kWh | D29: 4006 | E29: 4705 | F29: 0 | H29: 19723802 | I29: 1.5903864e+09 | J29: =+$G$17/1000 -> 0.058089367 | K29: =+$H$20/1000 -> 0.13403537 | L29: =(+F29+H29)*J29+(I29*K29) -> 2.1431377e+08
B30: Residential Seasonal | C30: kWh | D30: 4010 | E30: 4705 | F30: 0 | H30: 177801.98 | I30: 14336681 | J30: =+$G$17/1000 -> 0.058089367 | K30: =+$H$20/1000 -> 0.13403537 | L30: =(+F30+H30)*J30+(I30*K30) -> 1931950.8
B31: GS<50 | C31: kWh | D31: 4035 | E31: 4705 | F31: 47663.807 | H31: 49739313 | I31: 3.1899425e+08 | J31: =+$G$17/1000 -> 0.058089367 | K31: =+$H$20/1000 -> 0.13403537 | L31: =(+F31+H31)*J31+(I31*K31) -> 45648605
B32: GS 50 - 2,999 | C32: kWh | D32: 4010 | E32: 4705 | F32: 1.0161616e+08 | H32: 8.2059153e+08 | I32: 4.7853394e+08 | J32: =+$G$17/1000 -> 0.058089367 | K32: =+$H$20/1000 -> 0.13403537 | L32: =(+F32+H32)*J32+(I32*K32) -> 1.1771093e+08
B33: GS 3,000 - 4,999 | C33: kWh | D33: 4025 | E33: 4705 | F33: 2.765292e+08 | H33: 54928697 | I33: 9031126.3 | J33: =+$G$17/1000 -> 0.058089367 | K33: =+$H$20/1000 -> 0.13403537 | L33: =(+F33+H33)*J33+(I33*K33) -> 20464670
B34: Large Use | C34: kWh | D34: 4025 | E34: 4705 | F34: 5.3386547e+08 | H34: 71497571 | I34: 0 | J34: =+$G$17/1000 -> 0.058089367 | K34: =+$H$20/1000 -> 0.13403537 | L34: =(+F34+H34)*J34+(I34*K34) -> 35165156
B35: Street Light | C35: kWh | D35: 4025 | E35: 4705 | F35: 0 | H35: 16684897 | I35: 0 | J35: =+$G$17/1000 -> 0.058089367 | K35: =+$H$20/1000 -> 0.13403537 | L35: =(+F35+H35)*J35+(I35*K35) -> 969215.12
B36: Sentinel Light | C36: kWh | D36: 4025 | E36: 4705 | F36: 0 | H36: 0 | I36: 87998.819 | J36: =+$G$17/1000 -> 0.058089367 | K36: =+$H$20/1000 -> 0.13403537 | L36: =(+F36+H36)*J36+(I36*K36) -> 11794.954
B37: USL | C37: kWh | D37: 4025 | E37: 4705 | F37: 0 | H37: 4241.5965 | I37: 6683834.5 | J37: =+$G$17/1000 -> 0.058089367 | K37: =+$H$20/1000 -> 0.13403537 | L37: =(+F37+H37)*J37+(I37*K37) -> 896116.62
C38: kWh | D38: 4025 | E38: 4705 | J38: =+$G$17/1000 -> 0.058089367 | K38: =+$H$20/1000 -> 0.13403537 | L38: =(+F38+H38)*J38+(I38*K38) -> 0
C39: kWh | D39: 4025 | E39: 4705 | J39: =+$G$17/1000 -> 0.058089367 | K39: =+$H$20/1000 -> 0.13403537 | L39: =(+F39+H39)*J39+(I39*K39) -> 0
B40: TOTAL | L40: =SUM(L29:L39) -> 4.3711222e+08
B43: Class A - non-RPP Global Adjustment | G43: =2029& " Test Year" -> 2029 Test Year
B44: Customer | D44: Revenue | E44: Expense | G44: kWh Volume | K44: Hist. Avg GA/kWh *** | L44: Amount
D45: 4035 | E45: 4707 | G45: =F31 -> 47663.807 | K45: 0.032474684 | L45: =+K45*G45 -> 1547.8671
D46: 4010 | E46: 4707 | G46: =F32 -> 1.0161616e+08 | K46: =K45 -> 0.032474684 | L46: =+K46*G46 -> 3299952.9
D47: 4010 | E47: 4707 | G47: =F33 -> 2.765292e+08 | K47: =K46 -> 0.032474684 | L47: =+K47*G47 -> 8980198.3
D48: 4010 | E48: 4707 | G48: =F34 -> 5.3386547e+08 | K48: =K47 -> 0.032474684 | L48: =+K48*G48 -> 17337112
D49: 4010 | E49: 4707 | L49: =+K49*G49 -> 0
F50: =+F45+F46 -> 0 | G50: =SUM(G45:G49) -> 9.1205849e+08 | L50: =SUM(L45:L49) -> 29618812
B52: Class B - non-RPP Global Adjustment | G52: =G43 -> 2029 Test Year
B53: Customer | D53: Revenue | E53: Expense | L53: Amount
B54: Class Name | C54: UoM | D54: USoA # | E54: USoA # | H54: Class B Non-RPP Volume | K54: GA Rate/kWh
B55: =IF(B29=0,"",B29) -> Residential | C55: kWh | D55: 4006 | E55: 4707 | H55: =+H29 -> 19723802 | K55: =+$G$18/1000 -> 0.065356002 | L55: =+K55*H55 -> 1289068.8
B56: =IF(B30=0,"",B30) -> Residential Seasonal | C56: kWh | D56: 4010 | E56: 4707 | H56: =+H30 -> 177801.98 | K56: =+$G$18/1000 -> 0.065356002 | L56: =+K56*H56 -> 11620.427
B57: =IF(B31=0,"",B31) -> GS<50 | C57: kWh | D57: 4035 | E57: 4707 | H57: =+H31 -> 49739313 | K57: =+$G$18/1000 -> 0.065356002 | L57: =+K57*H57 -> 3250762.6
B58: =IF(B32=0,"",B32) -> GS 50 - 2,999 | C58: kWh | D58: 4010 | E58: 4707 | H58: =+H32 -> 8.2059153e+08 | K58: =+$G$18/1000 -> 0.065356002 | L58: =+K58*H58 -> 53630581
B59: =IF(B33=0,"",B33) -> GS 3,000 - 4,999 | C59: kWh | D59: 4025 | E59: 4707 | H59: =+H33 -> 54928697 | K59: =+$G$18/1000 -> 0.065356002 | L59: =+K59*H59 -> 3589920
B60: =IF(B34=0,"",B34) -> Large Use | C60: kWh | D60: 4025 | E60: 4707 | H60: =+H34 -> 71497571 | K60: =+$G$18/1000 -> 0.065356002 | L60: =+K60*H60 -> 4672795.4
B61: =IF(B35=0,"",B35) -> Street Light | C61: kWh | D61: 4025 | E61: 4707 | H61: =+H35 -> 16684897 | K61: =+$G$18/1000 -> 0.065356002 | L61: =+K61*H61 -> 1090458.2
B62: =IF(B36=0,"",B36) -> Sentinel Light | C62: kWh | D62: 4025 | E62: 4707 | H62: =+H36 -> 0 | K62: =+$G$18/1000 -> 0.065356002 | L62: =+K62*H62 -> 0
B63: =IF(B37=0,"",B37) -> USL | C63: kWh | D63: 4025 | E63: 4707 | H63: =+H37 -> 4241.5965 | K63: =+$G$18/1000 -> 0.065356002 | L63: =+K63*H63 -> 277.21379
B64: =IF(B38=0,"",B38) | C64: kWh | D64: 4025 | E64: 4707 | H64: =+H38 -> 0 | K64: =+$G$18/1000 -> 0.065356002 | L64: =+K64*H64 -> 0
B65: =IF(B39=0,"",B39) | C65: kWh | D65: 4025 | E65: 4707 | H65: =+H39 -> 0 | K65: =+$G$18/1000 -> 0.065356002 | L65: =+K65*H65 -> 0
B66: Total Volume | H66: =SUM(H55:H65) -> 1.0333478e+09
B67: TOTAL | L67: =SUM(L55:L65) -> 67535484
A70: *Regulated Price Plan Prices for the Period November 1, 2023 to October 31, 2024, p. 5
A71: ** Enter 2024 load forecast data by class based on the most recent 12-month historic Class A and Class B RPP/Non-RPP proportions
A72: *** Based on average $ GA per kWh billed to class A customers for most recent 12-month historical year.

Sheet App.2-ZB_Cost of Power (2029)
A1: Cost of Power Calculation
J2: File Number: | K2: EB-2025-0312
J3: Exhibit: | K3: 2A
J4: Tab: | K4: 3
J5: Schedule: | K5: 1
J6: Page:
A7: All Volume should be loss adjusted with the exception of: | K7: Settlement Proposal
A8: 1. Volume for Electricity Commodity, Wholesale Market Services, Class A and B should loss adjusted less WMP | J8: Date: | K8: 46283
A9: 2. Low Voltage Charges - No loss adjustment for kWh
D10: =2029& " Test Year" -> 2029 Test Year | E10: RPP | H10: =D10 -> 2029 Test Year | I10: non-RPP | K10: Total
A11: Electricity Commodity | B11: Units | D11: Volume | E11: Rate | F11: $ | H11: Volume | I11: Rate | J11: $ | K11: $
A12: Class per Load Forecast
A13: Residential | D13: ='App.2-ZA_Com. Exp. (2029)'!I29 -> 1.5903864e+09 | F13: =D13*'App.2-ZA_Com. Exp. (2029)'!K29 -> 2.1316803e+08 | H13: ='App.2-ZA_Com. Exp. (2029)'!H29 -> 19723802 | J13: =H13*'App.2-ZA_Com. Exp. (2029)'!J29 -> 1145743.2
A14: Residential Seasonal | D14: ='App.2-ZA_Com. Exp. (2029)'!I30 -> 14336681 | F14: =D14*'App.2-ZA_Com. Exp. (2029)'!K30 -> 1921622.4 | H14: ='App.2-ZA_Com. Exp. (2029)'!H30 -> 177801.98 | J14: =H14*'App.2-ZA_Com. Exp. (2029)'!J30 -> 10328.405
A15: GS<50 | D15: ='App.2-ZA_Com. Exp. (2029)'!I31 -> 3.1899425e+08 | F15: =D15*'App.2-ZA_Com. Exp. (2029)'!K31 -> 42756511 | H15: ='App.2-ZA_Com. Exp. (2029)'!H31 -> 49739313 | J15: =H15*'App.2-ZA_Com. Exp. (2029)'!J31 -> 2889325.2
A16: GS 50 - 2,999 | D16: ='App.2-ZA_Com. Exp. (2029)'!I32 -> 4.7853394e+08 | F16: =D16*'App.2-ZA_Com. Exp. (2029)'!K32 -> 64140473 | H16: ='App.2-ZA_Com. Exp. (2029)'!H32 -> 8.2059153e+08 | J16: =H16*'App.2-ZA_Com. Exp. (2029)'!J32 -> 47667643
A17: GS 3,000 - 4,999 | D17: ='App.2-ZA_Com. Exp. (2029)'!I33 -> 9031126.3 | F17: =D17*'App.2-ZA_Com. Exp. (2029)'!K33 -> 1210490.3 | H17: ='App.2-ZA_Com. Exp. (2029)'!H33 -> 54928697 | J17: =H17*'App.2-ZA_Com. Exp. (2029)'!J33 -> 3190773.2
A18: Large Use | D18: ='App.2-ZA_Com. Exp. (2029)'!I34 -> 0 | F18: =D18*'App.2-ZA_Com. Exp. (2029)'!K34 -> 0 | H18: ='App.2-ZA_Com. Exp. (2029)'!H34 -> 71497571 | J18: =H18*'App.2-ZA_Com. Exp. (2029)'!J34 -> 4153248.7
A19: Street Light | D19: ='App.2-ZA_Com. Exp. (2029)'!I35 -> 0 | F19: =D19*'App.2-ZA_Com. Exp. (2029)'!K35 -> 0 | H19: ='App.2-ZA_Com. Exp. (2029)'!H35 -> 16684897 | J19: =H19*'App.2-ZA_Com. Exp. (2029)'!J35 -> 969215.12
A20: Sentinel Light | D20: ='App.2-ZA_Com. Exp. (2029)'!I36 -> 87998.819 | F20: =D20*'App.2-ZA_Com. Exp. (2029)'!K36 -> 11794.954 | H20: ='App.2-ZA_Com. Exp. (2029)'!H36 -> 0 | J20: =H20*'App.2-ZA_Com. Exp. (2029)'!J36 -> 0
A21: USL | D21: ='App.2-ZA_Com. Exp. (2029)'!I37 -> 6683834.5 | F21: =D21*'App.2-ZA_Com. Exp. (2029)'!K37 -> 895870.23 | H21: ='App.2-ZA_Com. Exp. (2029)'!H37 -> 4241.5965 | J21: =H21*'App.2-ZA_Com. Exp. (2029)'!J37 -> 246.39166
D22: 0 | F22: 0 | H22: ='App.2-ZA_Com. Exp. (2029)'!H38 -> 0 | J22: 0
D23: 0 | F23: 0 | H23: ='App.2-ZA_Com. Exp. (2029)'!H39 -> 0 | J23: 0
A24: SUB-TOTAL | F24: =SUM(F13:F23) -> 3.2410479e+08 | J24: =SUM(J13:J23) -> 60026523 | K24: =F24+J24 -> 3.8413132e+08
A26: Global Adjustment non-RPP | B26: Units | D26: Volume | E26: Rate | F26: $ | H26: Volume | I26: Rate | J26: $ | K26: Total
A27: Class per Load Forecast
A28: =IF(A13="","",A13 & " - Class B") -> Residential - Class B | F28: =D28*E28 -> 0 | J28: ='App.2-ZA_Com. Exp. (2029)'!L55 -> 1289068.8
A29: =IF(A14="","",A14 & " - Class B") -> Residential Seasonal - Class B | F29: =D29*E29 -> 0 | J29: ='App.2-ZA_Com. Exp. (2029)'!L56 -> 11620.427
A30: =IF(A15="","",A15 & " - Class B") -> GS<50 - Class B | F30: =D30*E30 -> 0 | J30: ='App.2-ZA_Com. Exp. (2029)'!L57 -> 3250762.6
A31: =IF(A16="","",A16 & " - Class B") -> GS 50 - 2,999 - Class B | F31: =D31*E31 -> 0 | J31: ='App.2-ZA_Com. Exp. (2029)'!L58 -> 53630581
A32: =IF(A17="","",A17 & " - Class B") -> GS 3,000 - 4,999 - Class B | F32: =D32*E32 -> 0 | J32: ='App.2-ZA_Com. Exp. (2029)'!L59 -> 3589920
A33: =IF(A18="","",A18 & " - Class B") -> Large Use - Class B | F33: =D33*E33 -> 0 | J33: ='App.2-ZA_Com. Exp. (2029)'!L60 -> 4672795.4
A34: =IF(A19="","",A19 & " - Class B") -> Street Light - Class B | F34: =D34*E34 -> 0 | J34: ='App.2-ZA_Com. Exp. (2029)'!L61 -> 1090458.2
A35: =IF(A20="","",A20 & " - Class B") -> Sentinel Light - Class B | F35: =D35*E35 -> 0 | J35: ='App.2-ZA_Com. Exp. (2029)'!L62 -> 0
A36: =IF(A21="","",A21 & " - Class B") -> USL - Class B | F36: =D36*E36 -> 0 | J36: ='App.2-ZA_Com. Exp. (2029)'!L63 -> 277.21379
A37: =IF(A22="","",A22 & " - Class B") | F37: =D37*E37 -> 0 | J37: 0
A38: =IF(A23="","",A23 & " - Class B") | F38: =D38*E38 -> 0 | J38: 0
F39: =D39*E39 -> 0 | J39: ='App.2-ZA_Com. Exp. (2029)'!L45 -> 1547.8671
F40: =D40*E40 -> 0 | J40: ='App.2-ZA_Com. Exp. (2029)'!L46 -> 3299952.9
F41: =D41*E41 -> 0 | J41: ='App.2-ZA_Com. Exp. (2029)'!L47 -> 8980198.3
F42: =D42*E42 -> 0 | J42: ='App.2-ZA_Com. Exp. (2029)'!L48 -> 17337112
F43: =D43*E43 -> 0 | J43: 0
A44: SUB-TOTAL | F44: =SUM(F28:F43) -> 0 | J44: =SUM(J28:J43) -> 97154295 | K44: =F44+J44 -> 97154295
A46: Transmission - Network | D46: Volume | E46: Rate | F46: $ | H46: Volume | I46: Rate | J46: $ | K46: Total
A47: Class per Load Forecast
A48: =IF(A13="","",A13) -> Residential | D48: 1.5903864e+09 | E48: 0.0145 | F48: =D48*E48 -> 23060603 | H48: 19723802 | I48: =E48 -> 0.0145 | J48: =H48*I48 -> 285995.12
A49: =IF(A14="","",A14) -> Residential Seasonal | D49: 14336681 | E49: 0.0146 | F49: =D49*E49 -> 209315.55 | H49: 177801.98 | I49: =E49 -> 0.0146 | J49: =H49*I49 -> 2595.9089
A50: =IF(A15="","",A15) -> GS<50 | D50: 3.1899425e+08 | E50: 0.0132 | F50: =D50*E50 -> 4210724 | H50: 49786977 | I50: =E50 -> 0.0132 | J50: =H50*I50 -> 657188.1
A51: =IF(A16="","",A16) -> GS 50 - 2,999 | D51: 2189821.2 | E51: 6.0796 | F51: =D51*E51 -> 13313237 | H51: 1105361.7 | I51: =E51 -> 6.0796 | J51: =H51*I51 -> 6720157
A52: =A51&" EV" -> GS 50 - 2,999 EV | E52: 1.0372 | H52: 30937.374 | I52: =E52 -> 1.0372 | J52: =H52*I52 -> 32088.244
A53: =IF(A17="","",A17) -> GS 3,000 - 4,999 | D53: 695918.36 | E53: 6.4433 | F53: =D53*E53 -> 4484010.8 | H53: 18961.463 | I53: =E53 -> 6.4433 | J53: =H53*I53 -> 122174.4
A54: =A53&" EV" -> GS 3,000 - 4,999 EV | E54: 1.095361 | I54: =E54 -> 1.095361 | J54: =H54*I54 -> 0
A55: =IF(A18="","",A18) -> Large Use | D55: 1042834.3 | E55: 6.8661 | F55: =D55*E55 -> 7160204.8 | H55: 0 | I55: =E55 -> 6.8661 | J55: =H55*I55 -> 0
A56: =IF(A19="","",A19) -> Street Light | D56: 44644.724 | E56: 4.1359 | F56: =D56*E56 -> 184646.11 | H56: 0 | I56: =E56 -> 4.1359 | J56: =H56*I56 -> 0
A57: =IF(A20="","",A20) -> Sentinel Light | D57: 0 | E57: 3.9404 | F57: =D57*E57 -> 0 | H57: 634.86173 | I57: =E57 -> 3.9404 | J57: =H57*I57 -> 2501.6092
A58: =IF(A21="","",A21) -> USL | D58: 6683834.5 | E58: 0.0132 | F58: =D58*E58 -> 88226.616 | H58: 4241.5965 | I58: =E58 -> 0.0132 | J58: =H58*I58 -> 55.989074
A59: =IF(A22="","",A22) | F59: =D59*E59 -> 0 | J59: =H59*I59 -> 0
A60: =IF(A23="","",A23) | F60: =D60*E60 -> 0 | J60: =H60*I60 -> 0
A61: SUB-TOTAL | F61: =SUM(F48:F60) -> 52710968 | J61: =SUM(J48:J60) -> 7822756.3 | K61: =F61+J61 -> 60533724
A63: Transmission - Connection | J63: $ | K63: Total
A64: Class per Load Forecast
A65: =IF(A48="","",A48) -> Residential | D65: =D48 -> 1.5903864e+09 | E65: 0.0105 | F65: =D65*E65 -> 16699057 | H65: =H48 -> 19723802 | I65: =E65 -> 0.0105 | J65: =H65*I65 -> 207099.92
A66: =IF(A49="","",A49) -> Residential Seasonal | D66: =D49 -> 14336681 | E66: 0.0127 | F66: =D66*E66 -> 182075.85 | H66: =H49 -> 177801.98 | I66: =E66 -> 0.0127 | J66: =H66*I66 -> 2258.0852
A67: =IF(A50="","",A50) -> GS<50 | D67: =D50 -> 3.1899425e+08 | E67: 0.0098 | F67: =D67*E67 -> 3126143.6 | H67: =H50 -> 49786977 | I67: =E67 -> 0.0098 | J67: =H67*I67 -> 487912.37
A68: =IF(A51="","",A51) -> GS 50 - 2,999 | D68: =D51 -> 2189821.2 | E68: 4.3044 | F68: =D68*E68 -> 9425866.2 | H68: =H51 -> 1105361.7 | I68: =E68 -> 4.3044 | J68: =H68*I68 -> 4757918.9
A69: =A68&" EV" -> GS 50 - 2,999 EV | E69: 0.731 | H69: =H52 -> 30937.374 | I69: =E69 -> 0.731 | J69: =H69*I69 -> 22615.22
A70: =IF(A53="","",A53) -> GS 3,000 - 4,999 | D70: =D53 -> 695918.36 | E70: 3.0413 | F70: =D70*E70 -> 2116496.5 | H70: =H53 -> 18961.463 | I70: =E70 -> 3.0413 | J70: =H70*I70 -> 57667.498
A71: =A70&" EV" -> GS 3,000 - 4,999 EV | E71: 0.517021 | I71: =E71 -> 0.517021 | J71: =H71*I71 -> 0
A72: =IF(A55="","",A55) -> Large Use | D72: =D55 -> 1042834.3 | E72: 4.699 | F72: =D72*E72 -> 4900278.5 | H72: =H55 -> 0 | I72: =E72 -> 4.699 | J72: =H72*I72 -> 0
A73: =IF(A56="","",A56) -> Street Light | D73: =D56 -> 44644.724 | E73: 2.946 | F73: =D73*E73 -> 131523.36 | H73: =H56 -> 0 | I73: =E73 -> 2.946 | J73: =H73*I73 -> 0
A74: =IF(A57="","",A57) -> Sentinel Light | D74: =D57 -> 0 | E74: 2.7893 | F74: =D74*E74 -> 0 | H74: =H57 -> 634.86173 | I74: =E74 -> 2.7893 | J74: =H74*I74 -> 1770.8198
A75: =IF(A58="","",A58) -> USL | D75: =D58 -> 6683834.5 | E75: 0.0099 | F75: =D75*E75 -> 66169.962 | H75: =H58 -> 4241.5965 | I75: =E75 -> 0.0099 | J75: =H75*I75 -> 41.991806
A76: =IF(A59="","",A59) | F76: =D76*E76 -> 0 | J76: =H76*I76 -> 0
A77: =IF(A60="","",A60) | F77: =D77*E77 -> 0 | J77: =H77*I77 -> 0
A78: SUB-TOTAL | F78: =SUM(F65:F77) -> 36647611 | J78: =SUM(J65:J77) -> 5537284.8 | K78: =F78+J78 -> 42184896
A80: Wholesale Market Service | J80: $ | K80: Total
A81: Class per Load Forecast
A82: =IF(A65="","",A65) -> Residential | D82: 1.5903864e+09 | E82: =0.0041*1.03^4 -> 0.0046145861 | F82: =D82*E82 -> 7338975.1 | H82: 19723802 | I82: =E82 -> 0.0046145861 | J82: =H82*I82 -> 91017.181
A83: =IF(A66="","",A66) -> Residential Seasonal | D83: 14336681 | E83: =E82 -> 0.0046145861 | F83: =D83*E83 -> 66157.851 | H83: 177801.98 | I83: =E83 -> 0.0046145861 | J83: =H83*I83 -> 820.48256
A84: =IF(A67="","",A67) -> GS<50 | D84: 3.1899425e+08 | E84: =E83 -> 0.0046145861 | F84: =D84*E84 -> 1472026.4 | H84: 49786977 | I84: =E84 -> 0.0046145861 | J84: =H84*I84 -> 229746.29
A85: =IF(A68="","",A68) -> GS 50 - 2,999 | D85: 4.7853394e+08 | E85: =E84 -> 0.0046145861 | F85: =D85*E85 -> 2208236.1 | H85: 9.2220769e+08 | I85: =E85 -> 0.0046145861 | J85: =H85*I85 -> 4255606.8
A86: =IF(A70="","",A70) -> GS 3,000 - 4,999 | D86: 9031126.3 | E86: =E85 -> 0.0046145861 | F86: =D86*E86 -> 41674.91 | H86: 3.3145789e+08 | I86: =E86 -> 0.0046145861 | J86: =H86*I86 -> 1529541
A87: =IF(A72="","",A72) -> Large Use | D87: 0 | E87: =E86 -> 0.0046145861 | F87: =D87*E87 -> 0 | H87: 6.0536304e+08 | I87: =E87 -> 0.0046145861 | J87: =H87*I87 -> 2793499.9
A88: =IF(A73="","",A73) -> Street Light | D88: 0 | E88: =E87 -> 0.0046145861 | F88: =D88*E88 -> 0 | H88: 16684897 | I88: =E88 -> 0.0046145861 | J88: =H88*I88 -> 76993.895
A89: =IF(A74="","",A74) -> Sentinel Light | D89: 87998.819 | E89: =E88 -> 0.0046145861 | F89: =D89*E89 -> 406.07813 | H89: 0 | I89: =E89 -> 0.0046145861 | J89: =H89*I89 -> 0
A90: =IF(A75="","",A75) -> USL | D90: 6683834.5 | E90: =E89 -> 0.0046145861 | F90: =D90*E90 -> 30843.13 | H90: 4241.5965 | I90: =E90 -> 0.0046145861 | J90: =H90*I90 -> 19.573212
A91: =IF(A76="","",A76) | F91: =D91*E91 -> 0 | J91: =H91*I91 -> 0
A92: =IF(A77="","",A77) | F92: =D92*E92 -> 0 | J92: =H92*I92 -> 0
A93: SUB-TOTAL | F93: =SUM(F82:F92) -> 11158320 | J93: =SUM(J82:J92) -> 8977245.1 | K93: =F93+J93 -> 20135565
A95: Class A CBR | J95: $ | K95: Total
A96: Class per Load Forecast
A97: =IF(A82="","",A82) -> Residential | F97: =D97*E97 -> 0 | I97: 0.0004 | J97: =H97*I97 -> 0
A98: =IF(A83="","",A83) -> Residential Seasonal | F98: =D98*E98 -> 0 | I98: =I97 -> 0.0004 | J98: =H98*I98 -> 0
A99: =IF(A84="","",A84) -> GS<50 | F99: =D99*E99 -> 0 | I99: =I98 -> 0.0004 | J99: =H99*I99 -> 0
A100: =IF(A85="","",A85) -> GS 50 - 2,999 | F100: =D100*E100 -> 0 | H100: 47663.807 | I100: =I99 -> 0.0004 | J100: =H100*I100 -> 19.065523
A101: =IF(A86="","",A86) -> GS 3,000 - 4,999 | F101: =D101*E101 -> 0 | H101: 1.0161616e+08 | I101: =I100 -> 0.0004 | J101: =H101*I101 -> 40646.466
A102: =IF(A87="","",A87) -> Large Use | F102: =D102*E102 -> 0 | H102: 2.765292e+08 | I102: =I101 -> 0.0004 | J102: =H102*I102 -> 110611.68
A103: =IF(A88="","",A88) -> Street Light | F103: =D103*E103 -> 0 | H103: 5.3386547e+08 | I103: =I102 -> 0.0004 | J103: =H103*I103 -> 213546.19
A104: =IF(A89="","",A89) -> Sentinel Light | F104: =D104*E104 -> 0 | I104: =I103 -> 0.0004 | J104: =H104*I104 -> 0
A105: =IF(A90="","",A90) -> USL | F105: =D105*E105 -> 0 | I105: =I104 -> 0.0004 | J105: =H105*I105 -> 0
...

Sheet App.2-ZA_Com. Exp. (2030)
K2: File Number: | L2: EB-2025-0312
K3: Exhibit: | L3: 2A
B4: Commodity Expense | K4: Tab: | L4: 3
K5: Schedule: | L5: 1
K6: Page:
L7: Settlement Proposal
K8: Date: | L8: 46283
A12: Step 1: | B12: Commodity Pricing
B15: Forecasted Commodity Prices | C15: Table 1: Average RPP Supply Cost Summary* | G15: non-RPP | H15: RPP
B17: HOEP ($/MWh) | C17: Load-Weighted Price for RPP Consumers | G17: 59.832048 | H17: =G17 -> 59.832048
B18: Global Adjustment ($/MWh) | C18: Impact of the Global Adjustment | G18: 67.316682 | H18: =G18 -> 67.316682
B19: Adjustments ($/MWh) | H19: 10.59
B20: TOTAL ($/MWh) | C20: Average Supply Cost for RPP Consumers | H20: =SUM(H17:H19) -> 137.73873
A23: Step 2: | B23: Commodity Expense
B24: (volumes for the test year is loss adjusted)
B26: Commodity | G26: =2030& " Test Year" -> 2030 Test Year
B27: Customer | D27: Revenue | E27: Expense
B28: Class Name | C28: UoM | D28: USoA # | E28: USoA # | F28: Class A Non-RPP Volume** | H28: Class B Non-RPP Volume** | I28: Class B RPP Volume** | J28: Average HOEP | K28: Average RPP Rate | L28: Amount
B29: Residential | C29: kWh | D29: 4006 | E29: 4705 | F29: 0 | H29: 20132916 | I29: 1.6233745e+09 | J29: =+$G$17/1000 -> 0.059832048 | K29: =+$H$20/1000 -> 0.13773873 | L29: =(+F29+H29)*J29+(I29*K29) -> 2.2480614e+08
B30: Residential Seasonal | C30: kWh | D30: 4010 | E30: 4705 | F30: 0 | H30: 183621 | I30: 14805885 | J30: =+$G$17/1000 -> 0.059832048 | K30: =+$H$20/1000 -> 0.13773873 | L30: =(+F30+H30)*J30+(I30*K30) -> 2050330.3
B31: GS<50 | C31: kWh | D31: 4035 | E31: 4705 | F31: 47834.207 | H31: 49917134 | I31: 3.2013467e+08 | J31: =+$G$17/1000 -> 0.059832048 | K31: =+$H$20/1000 -> 0.13773873 | L31: =(+F31+H31)*J31+(I31*K31) -> 47084449
B32: GS 50 - 2,999 | C32: kWh | D32: 4010 | E32: 4705 | F32: 1.0211601e+08 | H32: 8.2462798e+08 | I32: 4.8088783e+08 | J32: =+$G$17/1000 -> 0.059832048 | K32: =+$H$20/1000 -> 0.13773873 | L32: =(+F32+H32)*J32+(I32*K32) -> 1.2168587e+08
B33: GS 3,000 - 4,999 | C33: kWh | D33: 4025 | E33: 4705 | F33: 2.8616447e+08 | H33: 56842610 | I33: 9345803.2 | J33: =+$G$17/1000 -> 0.059832048 | K33: =+$H$20/1000 -> 0.13773873 | L33: =(+F33+H33)*J33+(I33*K33) -> 21810095
B34: Large Use | C34: kWh | D34: 4025 | E34: 4705 | F34: 5.5967102e+08 | H34: 74953563 | I34: 0 | J34: =+$G$17/1000 -> 0.059832048 | K34: =+$H$20/1000 -> 0.13773873 | L34: =(+F34+H34)*J34+(I34*K34) -> 37970889
B35: Street Light | C35: kWh | D35: 4025 | E35: 4705 | F35: 0 | H35: 16894670 | I35: 0 | J35: =+$G$17/1000 -> 0.059832048 | K35: =+$H$20/1000 -> 0.13773873 | L35: =(+F35+H35)*J35+(I35*K35) -> 1010842.7
B36: Sentinel Light | C36: kWh | D36: 4025 | E36: 4705 | F36: 0 | H36: 0 | I36: 86504.666 | J36: =+$G$17/1000 -> 0.059832048 | K36: =+$H$20/1000 -> 0.13773873 | L36: =(+F36+H36)*J36+(I36*K36) -> 11915.043
B37: USL | C37: kWh | D37: 4025 | E37: 4705 | F37: 0 | H37: 4222.7595 | I37: 6654151.5 | J37: =+$G$17/1000 -> 0.059832048 | K37: =+$H$20/1000 -> 0.13773873 | L37: =(+F37+H37)*J37+(I37*K37) -> 916787.03
C38: kWh | D38: 4025 | E38: 4705 | J38: =+$G$17/1000 -> 0.059832048 | K38: =+$H$20/1000 -> 0.13773873 | L38: =(+F38+H38)*J38+(I38*K38) -> 0
C39: kWh | D39: 4025 | E39: 4705 | J39: =+$G$17/1000 -> 0.059832048 | K39: =+$H$20/1000 -> 0.13773873 | L39: =(+F39+H39)*J39+(I39*K39) -> 0
B40: TOTAL | L40: =SUM(L29:L39) -> 4.5734731e+08
B43: Class A - non-RPP Global Adjustment | G43: =2030& " Test Year" -> 2030 Test Year
B44: Customer | D44: Revenue | E44: Expense | G44: kWh Volume | K44: Hist. Avg GA/kWh *** | L44: Amount
D45: 4035 | E45: 4707 | G45: =F31 -> 47834.207 | K45: 0.033448925 | L45: =+K45*G45 -> 1600.0028
D46: 4010 | E46: 4707 | G46: =F32 -> 1.0211601e+08 | K46: =K45 -> 0.033448925 | L46: =+K46*G46 -> 3415670.7
D47: 4010 | E47: 4707 | G47: =F33 -> 2.8616447e+08 | K47: =K46 -> 0.033448925 | L47: =+K47*G47 -> 9571893.7
D48: 4010 | E48: 4707 | G48: =F34 -> 5.5967102e+08 | K48: =K47 -> 0.033448925 | L48: =+K48*G48 -> 18720394
D49: 4010 | E49: 4707 | L49: =+K49*G49 -> 0
F50: =+F45+F46 -> 0 | G50: =SUM(G45:G49) -> 9.4799934e+08 | L50: =SUM(L45:L49) -> 31709558
B52: Class B - non-RPP Global Adjustment | G52: =2030& " Test Year" -> 2030 Test Year
B53: Customer | D53: Revenue | E53: Expense | L53: Amount
B54: Class Name | C54: UoM | D54: USoA # | E54: USoA # | H54: Class B Non-RPP Volume | K54: GA Rate/kWh
B55: =IF(B29=0,"",B29) -> Residential | C55: kWh | D55: 4006 | E55: 4707 | H55: =+H29 -> 20132916 | K55: =+$G$18/1000 -> 0.067316682 | L55: =+K55*H55 -> 1355281.1
B56: =IF(B30=0,"",B30) -> Residential Seasonal | C56: kWh | D56: 4010 | E56: 4707 | H56: =+H30 -> 183621 | K56: =+$G$18/1000 -> 0.067316682 | L56: =+K56*H56 -> 12360.756
B57: =IF(B31=0,"",B31) -> GS<50 | C57: kWh | D57: 4035 | E57: 4707 | H57: =+H31 -> 49917134 | K57: =+$G$18/1000 -> 0.067316682 | L57: =+K57*H57 -> 3360255.8
B58: =IF(B32=0,"",B32) -> GS 50 - 2,999 | C58: kWh | D58: 4010 | E58: 4707 | H58: =+H32 -> 8.2462798e+08 | K58: =+$G$18/1000 -> 0.067316682 | L58: =+K58*H58 -> 55511219
B59: =IF(B33=0,"",B33) -> GS 3,000 - 4,999 | C59: kWh | D59: 4025 | E59: 4707 | H59: =+H33 -> 56842610 | K59: =+$G$18/1000 -> 0.067316682 | L59: =+K59*H59 -> 3826455.9
B60: =IF(B34=0,"",B34) -> Large Use | C60: kWh | D60: 4025 | E60: 4707 | H60: =+H34 -> 74953563 | K60: =+$G$18/1000 -> 0.067316682 | L60: =+K60*H60 -> 5045625.1
B61: =IF(B35=0,"",B35) -> Street Light | C61: kWh | D61: 4025 | E61: 4707 | H61: =+H35 -> 16894670 | K61: =+$G$18/1000 -> 0.067316682 | L61: =+K61*H61 -> 1137293.1
B62: =IF(B36=0,"",B36) -> Sentinel Light | C62: kWh | D62: 4025 | E62: 4707 | H62: =+H36 -> 0 | K62: =+$G$18/1000 -> 0.067316682 | L62: =+K62*H62 -> 0
B63: =IF(B37=0,"",B37) -> USL | C63: kWh | D63: 4025 | E63: 4707 | H63: =+H37 -> 4222.7595 | K63: =+$G$18/1000 -> 0.067316682 | L63: =+K63*H63 -> 284.26216
B64: =IF(B38=0,"",B38) | C64: kWh | D64: 4025 | E64: 4707 | H64: =+H38 -> 0 | K64: =+$G$18/1000 -> 0.067316682 | L64: =+K64*H64 -> 0
B65: =IF(B39=0,"",B39) | C65: kWh | D65: 4025 | E65: 4707 | H65: =+H39 -> 0 | K65: =+$G$18/1000 -> 0.067316682 | L65: =+K65*H65 -> 0
B66: Total Volume | H66: =SUM(H55:H65) -> 1.0435567e+09
B67: TOTAL | L67: =SUM(L55:L65) -> 70248775
A70: *Regulated Price Plan Prices for the Period November 1, 2023 to October 31, 2024, p. 5
A71: ** Enter 2024 load forecast data by class based on the most recent 12-month historic Class A and Class B RPP/Non-RPP proportions
A72: *** Based on average $ GA per kWh billed to class A customers for most recent 12-month historical year.

Sheet App.2-ZB_Cost of Power (2030)
A1: Cost of Power Calculation
J2: File Number: | K2: EB-2025-0312
J3: Exhibit: | K3: 2A
J4: Tab: | K4: 3
J5: Schedule: | K5: 1
J6: Page:
A7: All Volume should be loss adjusted with the exception of: | K7: Settlement Proposal
A8: 1. Volume for Electricity Commodity, Wholesale Market Services, Class A and B should loss adjusted less WMP | J8: Date: | K8: 46283
A9: 2. Low Voltage Charges - No loss adjustment for kWh
D10: =2030& " Test Year" -> 2030 Test Year | E10: RPP | H10: =D10 -> 2030 Test Year | I10: non-RPP | K10: Total
A11: Electricity Commodity | B11: Units | D11: Volume | E11: Rate | F11: $ | H11: Volume | I11: Rate | J11: $ | K11: $
A12: Class per Load Forecast
A13: Residential | D13: ='App.2-ZA_Com. Exp. (2030)'!I29 -> 1.6233745e+09 | F13: =D13*'App.2-ZA_Com. Exp. (2030)'!K29 -> 2.2360154e+08 | H13: ='App.2-ZA_Com. Exp. (2030)'!H29 -> 20132916 | J13: =H13*'App.2-ZA_Com. Exp. (2030)'!J29 -> 1204593.6
A14: Residential Seasonal | D14: ='App.2-ZA_Com. Exp. (2030)'!I30 -> 14805885 | F14: =D14*'App.2-ZA_Com. Exp. (2030)'!K30 -> 2039343.8 | H14: ='App.2-ZA_Com. Exp. (2030)'!H30 -> 183621 | J14: =H14*'App.2-ZA_Com. Exp. (2030)'!J30 -> 10986.421
A15: GS<50 | D15: ='App.2-ZA_Com. Exp. (2030)'!I31 -> 3.2013467e+08 | F15: =D15*'App.2-ZA_Com. Exp. (2030)'!K31 -> 44094943 | H15: ='App.2-ZA_Com. Exp. (2030)'!H31 -> 49917134 | J15: =H15*'App.2-ZA_Com. Exp. (2030)'!J31 -> 2986644.4
A16: GS 50 - 2,999 | D16: ='App.2-ZA_Com. Exp. (2030)'!I32 -> 4.8088783e+08 | F16: =D16*'App.2-ZA_Com. Exp. (2030)'!K32 -> 66236879 | H16: ='App.2-ZA_Com. Exp. (2030)'!H32 -> 8.2462798e+08 | J16: =H16*'App.2-ZA_Com. Exp. (2030)'!J32 -> 49339181
A17: GS 3,000 - 4,999 | D17: ='App.2-ZA_Com. Exp. (2030)'!I33 -> 9345803.2 | F17: =D17*'App.2-ZA_Com. Exp. (2030)'!K33 -> 1287279.1 | H17: ='App.2-ZA_Com. Exp. (2030)'!H33 -> 56842610 | J17: =H17*'App.2-ZA_Com. Exp. (2030)'!J33 -> 3401009.8
A18: Large Use | D18: ='App.2-ZA_Com. Exp. (2030)'!I34 -> 0 | F18: =D18*'App.2-ZA_Com. Exp. (2030)'!K34 -> 0 | H18: ='App.2-ZA_Com. Exp. (2030)'!H34 -> 74953563 | J18: =H18*'App.2-ZA_Com. Exp. (2030)'!J34 -> 4484625.2
A19: Street Light | D19: ='App.2-ZA_Com. Exp. (2030)'!I35 -> 0 | F19: =D19*'App.2-ZA_Com. Exp. (2030)'!K35 -> 0 | H19: ='App.2-ZA_Com. Exp. (2030)'!H35 -> 16894670 | J19: =H19*'App.2-ZA_Com. Exp. (2030)'!J35 -> 1010842.7
A20: Sentinel Light | D20: ='App.2-ZA_Com. Exp. (2030)'!I36 -> 86504.666 | F20: =D20*'App.2-ZA_Com. Exp. (2030)'!K36 -> 11915.043 | H20: ='App.2-ZA_Com. Exp. (2030)'!H36 -> 0 | J20: =H20*'App.2-ZA_Com. Exp. (2030)'!J36 -> 0
A21: USL | D21: ='App.2-ZA_Com. Exp. (2030)'!I37 -> 6654151.5 | F21: =D21*'App.2-ZA_Com. Exp. (2030)'!K37 -> 916534.37 | H21: ='App.2-ZA_Com. Exp. (2030)'!H37 -> 4222.7595 | J21: =H21*'App.2-ZA_Com. Exp. (2030)'!J37 -> 252.65635
D22: 0 | F22: 0 | H22: ='App.2-ZA_Com. Exp. (2030)'!H38 -> 0 | J22: 0
D23: 0 | F23: 0 | H23: ='App.2-ZA_Com. Exp. (2030)'!H39 -> 0 | J23: 0
A24: SUB-TOTAL | F24: =SUM(F13:F23) -> 3.3818844e+08 | J24: =SUM(J13:J23) -> 62438136 | K24: =F24+J24 -> 4.0062657e+08
A26: Global Adjustment non-RPP | B26: Units | D26: Volume | E26: Rate | F26: $ | H26: Volume | I26: Rate | J26: $ | K26: Total
A27: Class per Load Forecast
A28: =IF(A13="","",A13 & " - Class B") -> Residential - Class B | F28: =D28*E28 -> 0 | J28: ='App.2-ZA_Com. Exp. (2030)'!L55 -> 1355281.1
A29: =IF(A14="","",A14 & " - Class B") -> Residential Seasonal - Class B | F29: =D29*E29 -> 0 | J29: ='App.2-ZA_Com. Exp. (2030)'!L56 -> 12360.756
A30: =IF(A15="","",A15 & " - Class B") -> GS<50 - Class B | F30: =D30*E30 -> 0 | J30: ='App.2-ZA_Com. Exp. (2030)'!L57 -> 3360255.8
A31: =IF(A16="","",A16 & " - Class B") -> GS 50 - 2,999 - Class B | F31: =D31*E31 -> 0 | J31: ='App.2-ZA_Com. Exp. (2030)'!L58 -> 55511219
A32: =IF(A17="","",A17 & " - Class B") -> GS 3,000 - 4,999 - Class B | F32: =D32*E32 -> 0 | J32: ='App.2-ZA_Com. Exp. (2030)'!L59 -> 3826455.9
A33: =IF(A18="","",A18 & " - Class B") -> Large Use - Class B | F33: =D33*E33 -> 0 | J33: ='App.2-ZA_Com. Exp. (2030)'!L60 -> 5045625.1
A34: =IF(A19="","",A19 & " - Class B") -> Street Light - Class B | F34: =D34*E34 -> 0 | J34: ='App.2-ZA_Com. Exp. (2030)'!L61 -> 1137293.1
A35: =IF(A20="","",A20 & " - Class B") -> Sentinel Light - Class B | F35: =D35*E35 -> 0 | J35: ='App.2-ZA_Com. Exp. (2030)'!L62 -> 0
A36: =IF(A21="","",A21 & " - Class B") -> USL - Class B | F36: =D36*E36 -> 0 | J36: ='App.2-ZA_Com. Exp. (2030)'!L63 -> 284.26216
A37: =IF(A22="","",A22 & " - Class B") | F37: =D37*E37 -> 0 | J37: 0
A38: =IF(A23="","",A23 & " - Class B") | F38: =D38*E38 -> 0 | J38: 0
F39: =D39*E39 -> 0 | J39: ='App.2-ZA_Com. Exp. (2030)'!L45 -> 1600.0028
F40: =D40*E40 -> 0 | J40: ='App.2-ZA_Com. Exp. (2030)'!L46 -> 3415670.7
F41: =D41*E41 -> 0 | J41: ='App.2-ZA_Com. Exp. (2030)'!L47 -> 9571893.7
F42: =D42*E42 -> 0 | J42: ='App.2-ZA_Com. Exp. (2030)'!L48 -> 18720394
F43: =D43*E43 -> 0 | J43: 0
A44: SUB-TOTAL | F44: =SUM(F28:F43) -> 0 | J44: =SUM(J28:J43) -> 1.0195833e+08 | K44: =F44+J44 -> 1.0195833e+08
A46: Transmission - Network | D46: Volume | E46: Rate | F46: $ | H46: Volume | I46: Rate | J46: $ | K46: Total
A47: Class per Load Forecast
A48: =IF(A13="","",A13) -> Residential | D48: 1.6233745e+09 | E48: 0.0153 | F48: =D48*E48 -> 24837630 | H48: 20132916 | I48: =E48 -> 0.0153 | J48: =H48*I48 -> 308033.62
A49: =IF(A14="","",A14) -> Residential Seasonal | D49: 14805885 | E49: 0.0154 | F49: =D49*E49 -> 228010.63 | H49: 183621 | I49: =E49 -> 0.0154 | J49: =H49*I49 -> 2827.7634
A50: =IF(A15="","",A15) -> GS<50 | D50: 3.2013467e+08 | E50: 0.0139 | F50: =D50*E50 -> 4449871.9 | H50: 49964968 | I50: =E50 -> 0.0139 | J50: =H50*I50 -> 694513.06
A51: =IF(A16="","",A16) -> GS 50 - 2,999 | D51: 2212912.3 | E51: 6.4134 | F51: =D51*E51 -> 14192292 | H51: 1110819.8 | I51: =E51 -> 6.4134 | J51: =H51*I51 -> 7124132
A52: =A51&" EV" -> GS 50 - 2,999 EV | E52: 1.0942 | H52: 37461.241 | I52: =E52 -> 1.0942 | J52: =H52*I52 -> 40990.09
A53: =IF(A17="","",A17) -> GS 3,000 - 4,999 | D53: 724266.75 | E53: 6.7971 | F53: =D53*E53 -> 4922913.5 | H53: 19733.862 | I53: =E53 -> 6.7971 | J53: =H53*I53 -> 134133.04
A54: =A53&" EV" -> GS 3,000 - 4,999 EV | E54: 1.155507 | I54: =E54 -> 1.155507 | J54: =H54*I54 -> 0
A55: =IF(A18="","",A18) -> Large Use | D55: 1100818 | E55: 7.2431 | F55: =D55*E55 -> 7973334.7 | H55: 0 | I55: =E55 -> 7.2431 | J55: =H55*I55 -> 0
A56: =IF(A19="","",A19) -> Street Light | D56: 45205.829 | E56: 4.363 | F56: =D56*E56 -> 197233.03 | H56: 0 | I56: =E56 -> 4.363 | J56: =H56*I56 -> 0
A57: =IF(A20="","",A20) -> Sentinel Light | D57: 0 | E57: 4.1568 | F57: =D57*E57 -> 0 | H57: 625.44345 | I57: =E57 -> 4.1568 | J57: =H57*I57 -> 2599.8433
A58: =IF(A21="","",A21) -> USL | D58: 6654151.5 | E58: 0.0139 | F58: =D58*E58 -> 92492.705 | H58: 4222.7595 | I58: =E58 -> 0.0139 | J58: =H58*I58 -> 58.696357
A59: =IF(A22="","",A22) | F59: =D59*E59 -> 0 | J59: =H59*I59 -> 0
A60: =IF(A23="","",A23) | F60: =D60*E60 -> 0 | J60: =H60*I60 -> 0
A61: SUB-TOTAL | F61: =SUM(F48:F60) -> 56893778 | J61: =SUM(J48:J60) -> 8307288.1 | K61: =F61+J61 -> 65201066
A63: Transmission - Connection | J63: $ | K63: Total
A64: Class per Load Forecast
A65: =IF(A48="","",A48) -> Residential | D65: =D48 -> 1.6233745e+09 | E65: 0.0111 | F65: =D65*E65 -> 18019457 | H65: =H48 -> 20132916 | I65: =E65 -> 0.0111 | J65: =H65*I65 -> 223475.37
A66: =IF(A49="","",A49) -> Residential Seasonal | D66: =D49 -> 14805885 | E66: 0.0134 | F66: =D66*E66 -> 198398.86 | H66: =H49 -> 183621 | I66: =E66 -> 0.0134 | J66: =H66*I66 -> 2460.5214
A67: =IF(A50="","",A50) -> GS<50 | D67: =D50 -> 3.2013467e+08 | E67: 0.0103 | F67: =D67*E67 -> 3297387.1 | H67: =H50 -> 49964968 | I67: =E67 -> 0.0103 | J67: =H67*I67 -> 514639.17
A68: =IF(A51="","",A51) -> GS 50 - 2,999 | D68: =D51 -> 2212912.3 | E68: 4.5353 | F68: =D68*E68 -> 10036221 | H68: =H51 -> 1110819.8 | I68: =E68 -> 4.5353 | J68: =H68*I68 -> 5037901.2
A69: =A68&" EV" -> GS 50 - 2,999 EV | E69: 0.7702 | H69: =H52 -> 37461.241 | I69: =E69 -> 0.7702 | J69: =H69*I69 -> 28852.648
A70: =IF(A53="","",A53) -> GS 3,000 - 4,999 | D70: =D53 -> 724266.75 | E70: 3.2045 | F70: =D70*E70 -> 2320912.8 | H70: =H53 -> 19733.862 | I70: =E70 -> 3.2045 | J70: =H70*I70 -> 63237.162
A71: =A70&" EV" -> GS 3,000 - 4,999 EV | E71: 0.544765 | I71: =E71 -> 0.544765 | J71: =H71*I71 -> 0
A72: =IF(A55="","",A55) -> Large Use | D72: =D55 -> 1100818 | E72: 4.9511 | F72: =D72*E72 -> 5450259.9 | H72: =H55 -> 0 | I72: =E72 -> 4.9511 | J72: =H72*I72 -> 0
A73: =IF(A56="","",A56) -> Street Light | D73: =D56 -> 45205.829 | E73: 3.104 | F73: =D73*E73 -> 140318.89 | H73: =H56 -> 0 | I73: =E73 -> 3.104 | J73: =H73*I73 -> 0
A74: =IF(A57="","",A57) -> Sentinel Light | D74: =D57 -> 0 | E74: 2.9389 | F74: =D74*E74 -> 0 | H74: =H57 -> 625.44345 | I74: =E74 -> 2.9389 | J74: =H74*I74 -> 1838.1158
A75: =IF(A58="","",A58) -> USL | D75: =D58 -> 6654151.5 | E75: 0.0104 | F75: =D75*E75 -> 69203.175 | H75: =H58 -> 4222.7595 | I75: =E75 -> 0.0104 | J75: =H75*I75 -> 43.916699
A76: =IF(A59="","",A59) | F76: =D76*E76 -> 0 | J76: =H76*I76 -> 0
A77: =IF(A60="","",A60) | F77: =D77*E77 -> 0 | J77: =H77*I77 -> 0
A78: SUB-TOTAL | F78: =SUM(F65:F77) -> 39532159 | J78: =SUM(J65:J77) -> 5872448.1 | K78: =F78+J78 -> 45404607
A80: Wholesale Market Service | J80: $ | K80: Total
A81: Class per Load Forecast
A82: =IF(A65="","",A65) -> Residential | D82: 1.6233745e+09 | E82: =0.0041*1.03^5 -> 0.0047530237 | F82: =D82*E82 -> 7715937.5 | H82: 20132916 | I82: =E82 -> 0.0047530237 | J82: =H82*I82 -> 95692.228
A83: =IF(A66="","",A66) -> Residential Seasonal | D83: 14805885 | E83: =E82 -> 0.0047530237 | F83: =D83*E83 -> 70372.724 | H83: 183621 | I83: =E83 -> 0.0047530237 | J83: =H83*I83 -> 872.75496
A84: =IF(A67="","",A67) -> GS<50 | D84: 3.2013467e+08 | E84: =E83 -> 0.0047530237 | F84: =D84*E84 -> 1521607.7 | H84: 49964968 | I84: =E84 -> 0.0047530237 | J84: =H84*I84 -> 237484.68
A85: =IF(A68="","",A68) -> GS 50 - 2,999 | D85: 4.8088783e+08 | E85: =E84 -> 0.0047530237 | F85: =D85*E85 -> 2285671.2 | H85: 9.2674399e+08 | I85: =E85 -> 0.0047530237 | J85: =H85*I85 -> 4404836.1
A86: =IF(A70="","",A70) -> GS 3,000 - 4,999 | D86: 9345803.2 | E86: =E85 -> 0.0047530237 | F86: =D86*E86 -> 44420.824 | H86: 3.4300708e+08 | I86: =E86 -> 0.0047530237 | J86: =H86*I86 -> 1630320.8
A87: =IF(A72="","",A72) -> Large Use | D87: 0 | E87: =E86 -> 0.0047530237 | F87: =D87*E87 -> 0 | H87: 6.3462459e+08 | I87: =E87 -> 0.0047530237 | J87: =H87*I87 -> 3016385.7
A88: =IF(A73="","",A73) -> Street Light | D88: 0 | E88: =E87 -> 0.0047530237 | F88: =D88*E88 -> 0 | H88: 16894670 | I88: =E88 -> 0.0047530237 | J88: =H88*I88 -> 80300.768
A89: =IF(A74="","",A74) -> Sentinel Light | D89: 86504.666 | E89: =E88 -> 0.0047530237 | F89: =D89*E89 -> 411.15873 | H89: 0 | I89: =E89 -> 0.0047530237 | J89: =H89*I89 -> 0
A90: =IF(A75="","",A75) -> USL | D90: 6654151.5 | E90: =E89 -> 0.0047530237 | F90: =D90*E90 -> 31627.34 | H90: 4222.7595 | I90: =E90 -> 0.0047530237 | J90: =H90*I90 -> 20.070876
A91: =IF(A76="","",A76) | F91: =D91*E91 -> 0 | J91: =H91*I91 -> 0
A92: =IF(A77="","",A77) | F92: =D92*E92 -> 0 | J92: =H92*I92 -> 0
A93: SUB-TOTAL | F93: =SUM(F82:F92) -> 11670048 | J93: =SUM(J82:J92) -> 9465913.1 | K93: =F93+J93 -> 21135962
A95: Class A CBR | J95: $ | K95: Total
A96: Class per Load Forecast
A97: =IF(A82="","",A82) -> Residential | F97: =D97*E97 -> 0 | I97: 0.0004 | J97: =H97*I97 -> 0
A98: =IF(A83="","",A83) -> Residential Seasonal | F98: =D98*E98 -> 0 | I98: =I97 -> 0.0004 | J98: =H98*I98 -> 0
A99: =IF(A84="","",A84) -> GS<50 | F99: =D99*E99 -> 0 | I99: =I98 -> 0.0004 | J99: =H99*I99 -> 0
A100: =IF(A85="","",A85) -> GS 50 - 2,999 | F100: =D100*E100 -> 0 | H100: 47834.207 | I100: =I99 -> 0.0004 | J100: =H100*I100 -> 19.133683
A101: =IF(A86="","",A86) -> GS 3,000 - 4,999 | F101: =D101*E101 -> 0 | H101: 1.0211601e+08 | I101: =I100 -> 0.0004 | J101: =H101*I101 -> 40846.404
A102: =IF(A87="","",A87) -> Large Use | F102: =D102*E102 -> 0 | H102: 2.8616447e+08 | I102: =I101 -> 0.0004 | J102: =H102*I102 -> 114465.79
A103: =IF(A88="","",A88) -> Street Light | F103: =D103*E103 -> 0 | H103: 5.5967102e+08 | I103: =I102 -> 0.0004 | J103: =H103*I103 -> 223868.41
A104: =IF(A89="","",A89) -> Sentinel Light | F104: =D104*E104 -> 0 | I104: =I103 -> 0.0004 | J104: =H104*I104 -> 0
A105: =IF(A90="","",A90) -> USL | F105: =D105*E105 -> 0 | I105: =I104 -> 0.0004 | J105: =H105*I105 -> 0
...

Sheet App.2-ZA_Com. Exp. (2031)
K2: File Number: | L2: EB-2025-0312
K3: Exhibit: | L3: 2A
B4: Commodity Expense | K4: Tab: | L4: 3
K5: Schedule: | L5: 1
K6: Page:
L7: Settlement Proposal
K8: Date: | L8: 46283
A12: Step 1: | B12: Commodity Pricing
B15: Forecasted Commodity Prices | C15: Table 1: Average RPP Supply Cost Summary* | G15: non-RPP | H15: RPP
B17: HOEP ($/MWh) | C17: Load-Weighted Price for RPP Consumers | G17: 61.62701 | H17: =G17 -> 61.62701
B18: Global Adjustment ($/MWh) | C18: Impact of the Global Adjustment | G18: 69.336182 | H18: =G18 -> 69.336182
B19: Adjustments ($/MWh) | H19: 10.59
B20: TOTAL ($/MWh) | C20: Average Supply Cost for RPP Consumers | H20: =SUM(H17:H19) -> 141.55319
A23: Step 2: | B23: Commodity Expense
B24: (volumes for the test year is loss adjusted)
B26: Commodity | G26: 2031 Test Year
B27: Customer | D27: Revenue | E27: Expense
B28: Class Name | C28: UoM | D28: USoA # | E28: USoA # | F28: Class A Non-RPP Volume** | H28: Class B Non-RPP Volume** | I28: Class B RPP Volume** | J28: Average HOEP | K28: Average RPP Rate | L28: Amount
B29: Residential | C29: kWh | D29: 4006 | E29: 4705 | F29: 0 | H29: 20563850 | I29: 1.6581219e+09 | J29: =+$G$17/1000 -> 0.06162701 | K29: =+$H$20/1000 -> 0.14155319 | L29: =(+F29+H29)*J29+(I29*K29) -> 2.3597974e+08
B30: Residential Seasonal | C30: kWh | D30: 4010 | E30: 4705 | F30: 0 | H30: 189657.31 | I30: 15292610 | J30: =+$G$17/1000 -> 0.06162701 | K30: =+$H$20/1000 -> 0.14155319 | L30: =(+F30+H30)*J30+(I30*K30) -> 2176405.8
B31: GS<50 | C31: kWh | D31: 4035 | E31: 4705 | F31: 47972.281 | H31: 50061220 | I31: 3.2105874e+08 | J31: =+$G$17/1000 -> 0.06162701 | K31: =+$H$20/1000 -> 0.14155319 | L31: =(+F31+H31)*J31+(I31*K31) -> 48534969
B32: GS 50 - 2,999 | C32: kWh | D32: 4010 | E32: 4705 | F32: 1.0221361e+08 | H32: 8.2541617e+08 | I32: 4.8134747e+08 | J32: =+$G$17/1000 -> 0.06162701 | K32: =+$H$20/1000 -> 0.14155319 | L32: =(+F32+H32)*J32+(I32*K32) -> 1.2530332e+08
B33: GS 3,000 - 4,999 | C33: kWh | D33: 4025 | E33: 4705 | F33: 2.9605487e+08 | H33: 58807201 | I33: 9668812.4 | J33: =+$G$17/1000 -> 0.06162701 | K33: =+$H$20/1000 -> 0.14155319 | L33: =(+F33+H33)*J33+(I33*K33) -> 23237739
B34: Large Use | C34: kWh | D34: 4025 | E34: 4705 | F34: 5.6625566e+08 | H34: 75835406 | I34: 0 | J34: =+$G$17/1000 -> 0.06162701 | K34: =+$H$20/1000 -> 0.14155319 | L34: =(+F34+H34)*J34+(I34*K34) -> 39570152
B35: Street Light | C35: kWh | D35: 4025 | E35: 4705 | F35: 0 | H35: 17107206 | I35: 0 | J35: =+$G$17/1000 -> 0.06162701 | K35: =+$H$20/1000 -> 0.14155319 | L35: =(+F35+H35)*J35+(I35*K35) -> 1054265.9
B36: Sentinel Light | C36: kWh | D36: 4025 | E36: 4705 | F36: 0 | H36: 0 | I36: 85043.082 | J36: =+$G$17/1000 -> 0.06162701 | K36: =+$H$20/1000 -> 0.14155319 | L36: =(+F36+H36)*J36+(I36*K36) -> 12038.12
B37: USL | C37: kWh | D37: 4025 | E37: 4705 | F37: 0 | H37: 4204.1748 | I37: 6624866 | J37: =+$G$17/1000 -> 0.06162701 | K37: =+$H$20/1000 -> 0.14155319 | L37: =(+F37+H37)*J37+(I37*K37) -> 938030.03
C38: kWh | D38: 4025 | E38: 4705 | J38: =+$G$17/1000 -> 0.06162701 | K38: =+$H$20/1000 -> 0.14155319 | L38: =(+F38+H38)*J38+(I38*K38) -> 0
C39: kWh | D39: 4025 | E39: 4705 | J39: =+$G$17/1000 -> 0.06162701 | K39: =+$H$20/1000 -> 0.14155319 | L39: =(+F39+H39)*J39+(I39*K39) -> 0
B40: TOTAL | L40: =SUM(L29:L39) -> 4.7680666e+08
B43: Class A - non-RPP Global Adjustment | G43: 2031 Test Year
B44: Customer | D44: Revenue | E44: Expense | G44: kWh Volume | K44: Hist. Avg GA/kWh *** | L44: Amount
D45: 4035 | E45: 4707 | G45: =F31 -> 47972.281 | K45: 0.034452392 | L45: =+K45*G45 -> 1652.7599
D46: 4010 | E46: 4707 | G46: =F32 -> 1.0221361e+08 | K46: =K45 -> 0.034452392 | L46: =+K46*G46 -> 3521503.5
D47: 4010 | E47: 4707 | G47: =F33 -> 2.9605487e+08 | K47: =K46 -> 0.034452392 | L47: =+K47*G47 -> 10199798
D48: 4010 | E48: 4707 | G48: =F34 -> 5.6625566e+08 | K48: =K47 -> 0.034452392 | L48: =+K48*G48 -> 19508862
D49: 4010 | E49: 4707 | L49: =+K49*G49 -> 0
F50: =+F45+F46 -> 0 | G50: =SUM(G45:G49) -> 9.6457212e+08 | L50: =SUM(L45:L49) -> 33231817
B52: Class B - non-RPP Global Adjustment | G52: 2031 Test Year
B53: Customer | D53: Revenue | E53: Expense | L53: Amount
B54: Class Name | C54: UoM | D54: USoA # | E54: USoA # | H54: Class B Non-RPP Volume | K54: GA Rate/kWh
B55: =IF(B29=0,"",B29) -> Residential | C55: kWh | D55: 4006 | E55: 4707 | H55: =+H29 -> 20563850 | K55: =+$G$18/1000 -> 0.069336182 | L55: =+K55*H55 -> 1425818.9
B56: =IF(B30=0,"",B30) -> Residential Seasonal | C56: kWh | D56: 4010 | E56: 4707 | H56: =+H30 -> 189657.31 | K56: =+$G$18/1000 -> 0.069336182 | L56: =+K56*H56 -> 13150.114
B57: =IF(B31=0,"",B31) -> GS<50 | C57: kWh | D57: 4035 | E57: 4707 | H57: =+H31 -> 50061220 | K57: =+$G$18/1000 -> 0.069336182 | L57: =+K57*H57 -> 3471053.9
B58: =IF(B32=0,"",B32) -> GS 50 - 2,999 | C58: kWh | D58: 4010 | E58: 4707 | H58: =+H32 -> 8.2541617e+08 | K58: =+$G$18/1000 -> 0.069336182 | L58: =+K58*H58 -> 57231206
B59: =IF(B33=0,"",B33) -> GS 3,000 - 4,999 | C59: kWh | D59: 4025 | E59: 4707 | H59: =+H33 -> 58807201 | K59: =+$G$18/1000 -> 0.069336182 | L59: =+K59*H59 -> 4077466.8
B60: =IF(B34=0,"",B34) -> Large Use | C60: kWh | D60: 4025 | E60: 4707 | H60: =+H34 -> 75835406 | K60: =+$G$18/1000 -> 0.069336182 | L60: =+K60*H60 -> 5258137.5
B61: =IF(B35=0,"",B35) -> Street Light | C61: kWh | D61: 4025 | E61: 4707 | H61: =+H35 -> 17107206 | K61: =+$G$18/1000 -> 0.069336182 | L61: =+K61*H61 -> 1186148.3
B62: =IF(B36=0,"",B36) -> Sentinel Light | C62: kWh | D62: 4025 | E62: 4707 | H62: =+H36 -> 0 | K62: =+$G$18/1000 -> 0.069336182 | L62: =+K62*H62 -> 0
B63: =IF(B37=0,"",B37) -> USL | C63: kWh | D63: 4025 | E63: 4707 | H63: =+H37 -> 4204.1748 | K63: =+$G$18/1000 -> 0.069336182 | L63: =+K63*H63 -> 291.50143
B64: =IF(B38=0,"",B38) | C64: kWh | D64: 4025 | E64: 4707 | H64: =+H38 -> 0 | K64: =+$G$18/1000 -> 0.069336182 | L64: =+K64*H64 -> 0
B65: =IF(B39=0,"",B39) | C65: kWh | D65: 4025 | E65: 4707 | H65: =+H39 -> 0 | K65: =+$G$18/1000 -> 0.069336182 | L65: =+K65*H65 -> 0
B66: Total Volume | H66: =SUM(H55:H65) -> 1.0479849e+09
B67: TOTAL | L67: =SUM(L55:L65) -> 72663273
A70: *Regulated Price Plan Prices for the Period November 1, 2023 to October 31, 2024, p. 5
A71: ** Enter 2024 load forecast data by class based on the most recent 12-month historic Class A and Class B RPP/Non-RPP proportions
A72: *** Based on average $ GA per kWh billed to class A customers for most recent 12-month historical year.

Sheet App.2-ZB_Cost of Power (2031)
A1: Cost of Power Calculation
J2: File Number: | K2: EB-2025-0312
J3: Exhibit: | K3: 2A
J4: Tab: | K4: 3
J5: Schedule: | K5: 1
J6: Page:
A7: All Volume should be loss adjusted with the exception of: | K7: Settlement Proposal
A8: 1. Volume for Electricity Commodity, Wholesale Market Services, Class A and B should loss adjusted less WMP | J8: Date: | K8: 46283
A9: 2. Low Voltage Charges - No loss adjustment for kWh
D10: 2031 Test Year | E10: RPP | H10: =D10 -> 2031 Test Year | I10: non-RPP | K10: Total
A11: Electricity Commodity | B11: Units | D11: Volume | E11: Rate | F11: $ | H11: Volume | I11: Rate | J11: $ | K11: $
A12: Class per Load Forecast
A13: Residential | D13: ='App.2-ZA_Com. Exp. (2031)'!I29 -> 1.6581219e+09 | F13: =D13*'App.2-ZA_Com. Exp. (2031)'!K29 -> 2.3471245e+08 | H13: ='App.2-ZA_Com. Exp. (2031)'!H29 -> 20563850 | J13: =H13*'App.2-ZA_Com. Exp. (2031)'!J29 -> 1267288.6
A14: Residential Seasonal | D14: ='App.2-ZA_Com. Exp. (2031)'!I30 -> 15292610 | F14: =D14*'App.2-ZA_Com. Exp. (2031)'!K30 -> 2164717.8 | H14: ='App.2-ZA_Com. Exp. (2031)'!H30 -> 189657.31 | J14: =H14*'App.2-ZA_Com. Exp. (2031)'!J30 -> 11688.013
A15: GS<50 | D15: ='App.2-ZA_Com. Exp. (2031)'!I31 -> 3.2105874e+08 | F15: =D15*'App.2-ZA_Com. Exp. (2031)'!K31 -> 45446889 | H15: ='App.2-ZA_Com. Exp. (2031)'!H31 -> 50061220 | J15: =H15*'App.2-ZA_Com. Exp. (2031)'!J31 -> 3085123.3
A16: GS 50 - 2,999 | D16: ='App.2-ZA_Com. Exp. (2031)'!I32 -> 4.8134747e+08 | F16: =D16*'App.2-ZA_Com. Exp. (2031)'!K32 -> 68136270 | H16: ='App.2-ZA_Com. Exp. (2031)'!H32 -> 8.2541617e+08 | J16: =H16*'App.2-ZA_Com. Exp. (2031)'!J32 -> 50867930
A17: GS 3,000 - 4,999 | D17: ='App.2-ZA_Com. Exp. (2031)'!I33 -> 9668812.4 | F17: =D17*'App.2-ZA_Com. Exp. (2031)'!K33 -> 1368651.3 | H17: ='App.2-ZA_Com. Exp. (2031)'!H33 -> 58807201 | J17: =H17*'App.2-ZA_Com. Exp. (2031)'!J33 -> 3624112
A18: Large Use | D18: ='App.2-ZA_Com. Exp. (2031)'!I34 -> 0 | F18: =D18*'App.2-ZA_Com. Exp. (2031)'!K34 -> 0 | H18: ='App.2-ZA_Com. Exp. (2031)'!H34 -> 75835406 | J18: =H18*'App.2-ZA_Com. Exp. (2031)'!J34 -> 4673509.3
A19: Street Light | D19: ='App.2-ZA_Com. Exp. (2031)'!I35 -> 0 | F19: =D19*'App.2-ZA_Com. Exp. (2031)'!K35 -> 0 | H19: ='App.2-ZA_Com. Exp. (2031)'!H35 -> 17107206 | J19: =H19*'App.2-ZA_Com. Exp. (2031)'!J35 -> 1054265.9
A20: Sentinel Light | D20: ='App.2-ZA_Com. Exp. (2031)'!I36 -> 85043.082 | F20: =D20*'App.2-ZA_Com. Exp. (2031)'!K36 -> 12038.12 | H20: ='App.2-ZA_Com. Exp. (2031)'!H36 -> 0 | J20: =H20*'App.2-ZA_Com. Exp. (2031)'!J36 -> 0
A21: USL | D21: ='App.2-ZA_Com. Exp. (2031)'!I37 -> 6624866 | F21: =D21*'App.2-ZA_Com. Exp. (2031)'!K37 -> 937770.94 | H21: ='App.2-ZA_Com. Exp. (2031)'!H37 -> 4204.1748 | J21: =H21*'App.2-ZA_Com. Exp. (2031)'!J37 -> 259.09072
D22: 0 | F22: 0 | H22: ='App.2-ZA_Com. Exp. (2031)'!H38 -> 0 | J22: 0
D23: 0 | F23: 0 | H23: ='App.2-ZA_Com. Exp. (2031)'!H39 -> 0 | J23: 0
A24: SUB-TOTAL | F24: =SUM(F13:F23) -> 3.5277879e+08 | J24: =SUM(J13:J23) -> 64584176 | K24: =F24+J24 -> 4.1736296e+08
A26: Global Adjustment non-RPP | B26: Units | D26: Volume | E26: Rate | F26: $ | H26: Volume | I26: Rate | J26: $ | K26: Total
A27: Class per Load Forecast
A28: =IF(A13="","",A13 & " - Class B") -> Residential - Class B | F28: =D28*E28 -> 0 | J28: ='App.2-ZA_Com. Exp. (2031)'!L55 -> 1425818.9
A29: =IF(A14="","",A14 & " - Class B") -> Residential Seasonal - Class B | F29: =D29*E29 -> 0 | J29: ='App.2-ZA_Com. Exp. (2031)'!L56 -> 13150.114
A30: =IF(A15="","",A15 & " - Class B") -> GS<50 - Class B | F30: =D30*E30 -> 0 | J30: ='App.2-ZA_Com. Exp. (2031)'!L57 -> 3471053.9
A31: =IF(A16="","",A16 & " - Class B") -> GS 50 - 2,999 - Class B | F31: =D31*E31 -> 0 | J31: ='App.2-ZA_Com. Exp. (2031)'!L58 -> 57231206
A32: =IF(A17="","",A17 & " - Class B") -> GS 3,000 - 4,999 - Class B | F32: =D32*E32 -> 0 | J32: ='App.2-ZA_Com. Exp. (2031)'!L59 -> 4077466.8
A33: =IF(A18="","",A18 & " - Class B") -> Large Use - Class B | F33: =D33*E33 -> 0 | J33: ='App.2-ZA_Com. Exp. (2031)'!L60 -> 5258137.5
A34: =IF(A19="","",A19 & " - Class B") -> Street Light - Class B | F34: =D34*E34 -> 0 | J34: ='App.2-ZA_Com. Exp. (2031)'!L61 -> 1186148.3
A35: =IF(A20="","",A20 & " - Class B") -> Sentinel Light - Class B | F35: =D35*E35 -> 0 | J35: ='App.2-ZA_Com. Exp. (2031)'!L62 -> 0
A36: =IF(A21="","",A21 & " - Class B") -> USL - Class B | F36: =D36*E36 -> 0 | J36: ='App.2-ZA_Com. Exp. (2031)'!L63 -> 291.50143
A37: =IF(A22="","",A22 & " - Class B") | F37: =D37*E37 -> 0 | J37: 0
A38: =IF(A23="","",A23 & " - Class B") | F38: =D38*E38 -> 0 | J38: 0
F39: =D39*E39 -> 0 | J39: ='App.2-ZA_Com. Exp. (2031)'!L45 -> 1652.7599
F40: =D40*E40 -> 0 | J40: ='App.2-ZA_Com. Exp. (2031)'!L46 -> 3521503.5
F41: =D41*E41 -> 0 | J41: ='App.2-ZA_Com. Exp. (2031)'!L47 -> 10199798
F42: =D42*E42 -> 0 | J42: ='App.2-ZA_Com. Exp. (2031)'!L48 -> 19508862
F43: =D43*E43 -> 0 | J43: 0
A44: SUB-TOTAL | F44: =SUM(F28:F43) -> 0 | J44: =SUM(J28:J43) -> 1.0589509e+08 | K44: =F44+J44 -> 1.0589509e+08
A46: Transmission - Network | D46: Volume | E46: Rate | F46: $ | H46: Volume | I46: Rate | J46: $ | K46: Total
A47: Class per Load Forecast
A48: =IF(A13="","",A13) -> Residential | D48: 1.6581219e+09 | E48: 0.0161 | F48: =D48*E48 -> 26695763 | H48: 20563850 | I48: =E48 -> 0.0161 | J48: =H48*I48 -> 331077.98
A49: =IF(A14="","",A14) -> Residential Seasonal | D49: 15292610 | E49: 0.0162 | F49: =D49*E49 -> 247740.28 | H49: 189657.31 | I49: =E49 -> 0.0162 | J49: =H49*I49 -> 3072.4484
A50: =IF(A15="","",A15) -> GS<50 | D50: 3.2105874e+08 | E50: 0.0147 | F50: =D50*E50 -> 4719563.5 | H50: 50109192 | I50: =E50 -> 0.0147 | J50: =H50*I50 -> 736605.13
A51: =IF(A16="","",A16) -> GS 50 - 2,999 | D51: 2227648.3 | E51: 6.7653 | F51: =D51*E51 -> 15070709 | H51: 1111495 | I51: =E51 -> 6.7653 | J51: =H51*I51 -> 7519597.1
A52: =A51&" EV" -> GS 50 - 2,999 EV | E52: 1.1542 | H52: 44432.573 | I52: =E52 -> 1.1542 | J52: =H52*I52 -> 51284.076
A53: =IF(A17="","",A17) -> GS 3,000 - 4,999 | D53: 754070.56 | E53: 7.1701 | F53: =D53*E53 -> 5406761.4 | H53: 20545.918 | I53: =E53 -> 7.1701 | J53: =H53*I53 -> 147316.28
A54: =A53&" EV" -> GS 3,000 - 4,999 EV | E54: 1.218917 | I54: =E54 -> 1.218917 | J54: =H54*I54 -> 0
A55: =IF(A18="","",A18) -> Large Use | D55: 1121410.9 | E55: 7.6406 | F55: =D55*E55 -> 8568251.8 | H55: 0 | I55: =E55 -> 7.6406 | J55: =H55*I55 -> 0
A56: =IF(A19="","",A19) -> Street Light | D56: 45774.32 | E56: 4.6024 | F56: =D56*E56 -> 210671.73 | H56: 0 | I56: =E56 -> 4.6024 | J56: =H56*I56 -> 0
A57: =IF(A20="","",A20) -> Sentinel Light | D57: 0 | E57: 4.3849 | F57: =D57*E57 -> 0 | H57: 616.25346 | I57: =E57 -> 4.3849 | J57: =H57*I57 -> 2702.2098
A58: =IF(A21="","",A21) -> USL | D58: 6624866 | E58: 0.0147 | F58: =D58*E58 -> 97385.531 | H58: 4204.1748 | I58: =E58 -> 0.0147 | J58: =H58*I58 -> 61.80137
A59: =IF(A22="","",A22) | F59: =D59*E59 -> 0 | J59: =H59*I59 -> 0
A60: =IF(A23="","",A23) | F60: =D60*E60 -> 0 | J60: =H60*I60 -> 0
A61: SUB-TOTAL | F61: =SUM(F48:F60) -> 61016846 | J61: =SUM(J48:J60) -> 8791717 | K61: =F61+J61 -> 69808563
A63: Transmission - Connection | J63: $ | K63: Total
A64: Class per Load Forecast
A65: =IF(A48="","",A48) -> Residential | D65: =D48 -> 1.6581219e+09 | E65: 0.0117 | F65: =D65*E65 -> 19400026 | H65: =H48 -> 20563850 | I65: =E65 -> 0.0117 | J65: =H65*I65 -> 240597.04
A66: =IF(A49="","",A49) -> Residential Seasonal | D66: =D49 -> 15292610 | E66: 0.0141 | F66: =D66*E66 -> 215625.8 | H66: =H49 -> 189657.31 | I66: =E66 -> 0.0141 | J66: =H66*I66 -> 2674.1681
A67: =IF(A50="","",A50) -> GS<50 | D67: =D50 -> 3.2105874e+08 | E67: 0.0108 | F67: =D67*E67 -> 3467434.4 | H67: =H50 -> 50109192 | I67: =E67 -> 0.0108 | J67: =H67*I67 -> 541179.28
A68: =IF(A51="","",A51) -> GS 50 - 2,999 | D68: =D51 -> 2227648.3 | E68: 4.7753 | F68: =D68*E68 -> 10637689 | H68: =H51 -> 1111495 | I68: =E68 -> 4.7753 | J68: =H68*I68 -> 5307722.1
A69: =A68&" EV" -> GS 50 - 2,999 EV | E69: 0.811 | H69: =H52 -> 44432.573 | I69: =E69 -> 0.811 | J69: =H69*I69 -> 36034.817
A70: =IF(A53="","",A53) -> GS 3,000 - 4,999 | D70: =D53 -> 754070.56 | E70: 3.374 | F70: =D70*E70 -> 2544234.1 | H70: =H53 -> 20545.918 | I70: =E70 -> 3.374 | J70: =H70*I70 -> 69321.926
A71: =A70&" EV" -> GS 3,000 - 4,999 EV | E71: 0.57358 | I71: =E71 -> 0.57358 | J71: =H71*I71 -> 0
A72: =IF(A55="","",A55) -> Large Use | D72: =D55 -> 1121410.9 | E72: 5.2131 | F72: =D72*E72 -> 5846026.9 | H72: =H55 -> 0 | I72: =E72 -> 5.2131 | J72: =H72*I72 -> 0
A73: =IF(A56="","",A56) -> Street Light | D73: =D56 -> 45774.32 | E73: 3.2682 | F73: =D73*E73 -> 149599.63 | H73: =H56 -> 0 | I73: =E73 -> 3.2682 | J73: =H73*I73 -> 0
A74: =IF(A57="","",A57) -> Sentinel Light | D74: =D57 -> 0 | E74: 3.0944 | F74: =D74*E74 -> 0 | H74: =H57 -> 616.25346 | I74: =E74 -> 3.0944 | J74: =H74*I74 -> 1906.9347
A75: =IF(A58="","",A58) -> USL | D75: =D58 -> 6624866 | E75: 0.011 | F75: =D75*E75 -> 72873.527 | H75: =H58 -> 4204.1748 | I75: =E75 -> 0.011 | J75: =H75*I75 -> 46.245923
A76: =IF(A59="","",A59) | F76: =D76*E76 -> 0 | J76: =H76*I76 -> 0
A77: =IF(A60="","",A60) | F77: =D77*E77 -> 0 | J77: =H77*I77 -> 0
A78: SUB-TOTAL | F78: =SUM(F65:F77) -> 42333509 | J78: =SUM(J65:J77) -> 6199482.5 | K78: =F78+J78 -> 48532992
A80: Wholesale Market Service | J80: $ | K80: Total
A81: Class per Load Forecast
A82: =IF(A65="","",A65) -> Residential | D82: 1.6581219e+09 | E82: =0.0041*1.03^6 -> 0.0048956144 | F82: =D82*E82 -> 8117525.6 | H82: 20563850 | I82: =E82 -> 0.0048956144 | J82: =H82*I82 -> 100672.68
A83: =IF(A66="","",A66) -> Residential Seasonal | D83: 15292610 | E83: =E82 -> 0.0048956144 | F83: =D83*E83 -> 74866.723 | H83: 189657.31 | I83: =E83 -> 0.0048956144 | J83: =H83*I83 -> 928.48906
A84: =IF(A67="","",A67) -> GS<50 | D84: 3.2105874e+08 | E84: =E83 -> 0.0048956144 | F84: =D84*E84 -> 1571779.8 | H84: 50109192 | I84: =E84 -> 0.0048956144 | J84: =H84*I84 -> 245315.28
A85: =IF(A68="","",A68) -> GS 50 - 2,999 | D85: 4.8134747e+08 | E85: =E84 -> 0.0048956144 | F85: =D85*E85 -> 2356491.6 | H85: 9.2762978e+08 | I85: =E85 -> 0.0048956144 | J85: =H85*I85 -> 4541317.7
A86: =IF(A70="","",A70) -> GS 3,000 - 4,999 | D86: 9668812.4 | E86: =E85 -> 0.0048956144 | F86: =D86*E86 -> 47334.777 | H86: 3.5486207e+08 | I86: =E86 -> 0.0048956144 | J86: =H86*I86 -> 1737267.9
A87: =IF(A72="","",A72) -> Large Use | D87: 0 | E87: =E86 -> 0.0048956144 | F87: =D87*E87 -> 0 | H87: 6.4209107e+08 | I87: =E87 -> 0.0048956144 | J87: =H87*I87 -> 3143430.3
A88: =IF(A73="","",A73) -> Street Light | D88: 0 | E88: =E87 -> 0.0048956144 | F88: =D88*E88 -> 0 | H88: 17107206 | I88: =E88 -> 0.0048956144 | J88: =H88*I88 -> 83750.283
A89: =IF(A74="","",A74) -> Sentinel Light | D89: 85043.082 | E89: =E88 -> 0.0048956144 | F89: =D89*E89 -> 416.33814 | H89: 0 | I89: =E89 -> 0.0048956144 | J89: =H89*I89 -> 0
A90: =IF(A75="","",A75) -> USL | D90: 6624866 | E90: =E89 -> 0.0048956144 | F90: =D90*E90 -> 32432.79 | H90: 4204.1748 | I90: =E90 -> 0.0048956144 | J90: =H90*I90 -> 20.582019
A91: =IF(A76="","",A76) | F91: =D91*E91 -> 0 | J91: =H91*I91 -> 0
A92: =IF(A77="","",A77) | F92: =D92*E92 -> 0 | J92: =H92*I92 -> 0
A93: SUB-TOTAL | F93: =SUM(F82:F92) -> 12200848 | J93: =SUM(J82:J92) -> 9852703.2 | K93: =F93+J93 -> 22053551
A95: Class A CBR | J95: $ | K95: Total
A96: Class per Load Forecast
A97: =IF(A82="","",A82) -> Residential | F97: =D97*E97 -> 0 | I97: 0.0004 | J97: =H97*I97 -> 0
A98: =IF(A83="","",A83) -> Residential Seasonal | F98: =D98*E98 -> 0 | I98: =I97 -> 0.0004 | J98: =H98*I98 -> 0
A99: =IF(A84="","",A84) -> GS<50 | F99: =D99*E99 -> 0 | I99: =I98 -> 0.0004 | J99: =H99*I99 -> 0
A100: =IF(A85="","",A85) -> GS 50 - 2,999 | F100: =D100*E100 -> 0 | H100: 47972.281 | I100: =I99 -> 0.0004 | J100: =H100*I100 -> 19.188912
A101: =IF(A86="","",A86) -> GS 3,000 - 4,999 | F101: =D101*E101 -> 0 | H101: 1.0221361e+08 | I101: =I100 -> 0.0004 | J101: =H101*I101 -> 40885.446
A102: =IF(A87="","",A87) -> Large Use | F102: =D102*E102 -> 0 | H102: 2.9605487e+08 | I102: =I101 -> 0.0004 | J102: =H102*I102 -> 118421.95
A103: =IF(A88="","",A88) -> Street Light | F103: =D103*E103 -> 0 | H103: 5.6625566e+08 | I103: =I102 -> 0.0004 | J103: =H103*I103 -> 226502.26
A104: =IF(A89="","",A89) -> Sentinel Light | F104: =D104*E104 -> 0 | I104: =I103 -> 0.0004 | J104: =H104*I104 -> 0
A105: =IF(A90="","",A90) -> USL | F105: =D105*E105 -> 0 | I105: =I104 -> 0.0004 | J105: =H105*I105 -> 0
...
